Workbook

Sheet Detailed Dashboard
A1: Ticker | B1: Name (Click to Read Analysis) | C1: Recommendation | D1: Price at Time of Recommendation | E1: Stock Price | F1: Fair Value Price | G1: Percent Fair Value | H1: Dividend Yield | I1: Valuation Return | J1: Growth Return | K1: Expected Total Return | L1: Dividend Risk Score | M1: Retirement Suitability Score | N1: P/E Ratio | O1: Forward EPS Estimate (or Similar Metric) | P1: Annual Dividend Payments | Q1: Payout Ratio | R1: Years of Dividend Growth | S1: Dividend Growth Rate | T1: Ex-Dividend Date | U1: Trailing 1-Year Total Return | V1: Security Type | W1: Sector | X1: Market Cap (millions) | Y1: Last Report Upload | Z1: Analyst
A2: ALB | B2: =HYPERLINK("https://www.suredividend.com/sure-analysis-ALB/","Albemarle Corp.") -> 0 | C2: Buy | D2: 209 | E2: 220.18 | F2: 419 | G2: 0.52548926 | H2: 0.0072667817 | I2: 0.13733193 | J2: 0.05 | K2: 0.19863116 | L2: A | M2: C | N2: 9.4701075 | O2: 23.25 | P2: 1.6 | Q2: 0.068817204 | R2: 28 | S2: 0.075280006 | T2: 2023-06-15 | U2: -0.014106012 | V2: Stock | W2: Materials | X2: 25835.138 | Y2: 45064 | Z2: Nathan Parsh
A3: MDU | B3: =HYPERLINK("https://www.suredividend.com/sure-analysis-MDU/","MDU Resources Group Inc") -> 0 | C3: Buy | D3: 29 | E3: 19.92 | F3: 32 | G3: 0.6225 | H3: 0.044678715 | I3: 0.099441507 | J3: 0.06 | K3: 0.19045518 | L3: A | M3: A | N3: 9.4857143 | O3: 2.1 | P3: 0.89 | Q3: 0.42380952 | R3: 32 | S3: 0.025619509 | T3: 2023-06-12 | U3: 0.065668049 | V3: Stock | W3: Industrials | X3: 4056.4764 | Y3: 45054 | Z3: Josh Arnold
A4: WRB | B4: =HYPERLINK("https://www.suredividend.com/sure-analysis-WRB/","W.R. Berkley Corp.") -> 0 | C4: Buy | D4: 58 | E4: 58.21 | F4: 76 | G4: 0.76592105 | H4: 0.0075588387 | I4: 0.054783187 | J4: 0.12 | K4: 0.18620379 | L4: A | M4: C | N4: 11.526733 | O4: 5.05 | P4: 0.44 | Q4: 0.087128713 | R4: 18 | S4: 0.077818068 | T4: 2023-06-23 | U4: -0.13296304 | V4: Stock | W4: Financials | X4: 15179.694 | Y4: 45043 | Z4: Yiannis Zourmpanos
A5: SON | B5: =HYPERLINK("https://www.suredividend.com/sure-analysis-SON/","Sonoco Products Co.") -> 0 | C5: Buy | D5: 60 | E5: 57.34 | F5: 94 | G5: 0.61 | H5: 0.035577258 | I5: 0.10391093 | J5: 0.05 | K5: 0.18110643 | L5: A | M5: A | N5: 9.8017094 | O5: 5.85 | P5: 2.04 | Q5: 0.34871795 | R5: 41 | S5: 0.049708312 | T5: 2023-05-09 | U5: 0.032665661 | V5: Stock | W5: Consumer Discretionary | X5: 5616.7792 | Y5: 45049 | Z5: Nathan Parsh
A6: HUM | B6: =HYPERLINK("https://www.suredividend.com/sure-analysis-HUM/","Humana Inc.") -> 0 | C6: Buy | D6: 530 | E6: 445.95 | F6: 509 | G6: 0.87612967 | H6: 0.0079381097 | I6: 0.026801094 | J6: 0.14 | K6: 0.17602039 | L6: A | M6: C | N6: 15.785841 | O6: 28.25 | P6: 3.54 | Q6: 0.12530973 | R6: 12 | S6: 0.090130895 | T6: 2023-03-30 | U6: -0.017255924 | V6: Stock | W6: Health Care | X6: 55719.22 | Y6: 45047 | Z6: Patrick Neuwirth
A7: WABC | B7: =HYPERLINK("https://www.suredividend.com/sure-analysis-WABC/","Westamerica Bancorporation") -> 0 | C7: Buy | D7: 41 | E7: 38.94 | F7: 70 | G7: 0.55628571 | H7: 0.043143297 | I7: 0.1244507 | J7: 0.02 | K7: 0.17222582 | L7: A | M7: A | N7: 7.2379182 | O7: 5.38 | P7: 1.68 | Q7: 0.31226766 | R7: 29 | S7: 0.019465397 | T7: 2023-05-05 | U7: -0.28985148 | V7: Stock | W7: Financials | X7: 1037.6841 | Y7: 45036 | Z7: Nathan Parsh
A8: MMM | B8: =HYPERLINK("https://www.suredividend.com/sure-analysis-MMM/","3M Co.") -> 0 | C8: Buy | D8: 106 | E8: 100.72 | F8: 149 | G8: 0.67597315 | H8: 0.059571088 | I8: 0.081469088 | J8: 0.05 | K8: 0.17124585 | L8: A | M8: A | N8: 11.510857 | O8: 8.75 | P8: 6 | Q8: 0.68571429 | R8: 65 | S8: 0.019861853 | T8: 2023-05-18 | U8: -0.21169003 | V8: Stock | W8: Industrials | X8: 55564.426 | Y8: 45042 | Z8: Nathan Parsh
A9: BMY | B9: =HYPERLINK("https://www.suredividend.com/sure-analysis-BMY/","Bristol-Myers Squibb Co.") -> 0 | C9: Buy | D9: 67 | E9: 65.04 | F9: 109 | G9: 0.59669725 | H9: 0.035055351 | I9: 0.10878973 | J9: 0.03 | K9: 0.16502278 | L9: A | M9: A | N9: 8.0296296 | O9: 8.1 | P9: 2.28 | Q9: 0.28148148 | R9: 16 | S9: 0.050005632 | T9: 2023-04-06 | U9: -0.15070872 | V9: Stock | W9: Health Care | X9: 136639.1 | Y9: 45047 | Z9: Nathan Parsh
A10: WBA | B10: =HYPERLINK("https://www.suredividend.com/sure-analysis-WBA/","Walgreens Boots Alliance Inc") -> 0 | C10: Buy | D10: 35 | E10: 31.4 | F10: 46 | G10: 0.6826087 | H10: 0.061146497 | I10: 0.079358303 | J10: 0.04 | K10: 0.16294728 | L10: A | M10: A | N10: 6.9010989 | O10: 4.55 | P10: 1.92 | Q10: 0.42197802 | R10: 47 | S10: 0.040358275 | T10: 2023-05-18 | U10: -0.19397483 | V10: Stock | W10: Consumer Staples | X10: 27091.786 | Y10: 45016 | Z10: Aristofanis Papadatos
A11: CATC | B11: =HYPERLINK("https://www.suredividend.com/sure-analysis-CATC/","Cambridge Bancorp") -> 0 | C11: Buy | D11: 54 | E11: 57.86 | F11: 77 | G11: 0.75142857 | H11: 0.0463187 | I11: 0.058820788 | J11: 0.06 | K11: 0.15526783 | L11: A | M11: A | N11: 7.5142857 | O11: 7.7 | P11: 2.68 | Q11: 0.34805195 | R11: 24 | S11: 0.060210085 | T11: 2023-05-10 | U11: -0.2671181 | V11: Stock | W11: Financials | X11: 453.27507 | Y11: 45043 | Z11: Patrick Neuwirth
A12: OZK | B12: =HYPERLINK("https://www.suredividend.com/sure-analysis-OZK/","Bank OZK") -> 0 | C12: Buy | D12: 38 | E12: 37.58 | F12: 59 | G12: 0.63694915 | H12: 0.037253858 | I12: 0.094407466 | J12: 0.03 | K12: 0.15394314 | L12: A | M12: A | N12: 6.9592593 | O12: 5.4 | P12: 1.4 | Q12: 0.25925926 | R12: 27 | S12: 0.065208538 | T12: 2023-04-13 | U12: 0.04484376 | V12: Stock | W12: Financials | X12: 4568.8703 | Y12: 45041 | Z12: Aristofanis Papadatos
A13: CPKF | B13: =HYPERLINK("https://www.suredividend.com/sure-analysis-CPKF/","Chesapeake Financial Shares Inc") -> 0 | C13: Buy | D13: 20 | E13: 20 | F13: 29 | G13: 0.68965517 | H13: 0.03 | I13: 0.077143588 | J13: 0.05 | K13: 0.15158553 | L13: A | M13: A | N13: 5.7971014 | O13: 3.45 | P13: 0.6 | Q13: 0.17391304 | R13: 30 | S13: 0.051157746 | T13: 2023-05-31 | U13: -0.23798202 | V13: Stock | W13: Financials | X13: 93.76862 | Y13: 45054 | Z13: Josh Arnold
A14: WLY | B14: =HYPERLINK("https://www.suredividend.com/sure-analysis-WLY/","John Wiley & Sons Inc.") -> 0 | C14: Hold | D14: 39 | E14: 30.79 | F14: 45 | G14: 0.68422222 | H14: 0.045144527 | I14: 0.078848756 | J14: 0.04 | K14: 0.15154368 | L14: A | M14: A | N14: 8.9766764 | O14: 3.43 | P14: 1.39 | Q14: 0.40524781 | R14: 29 | S14: 0.029822118 | T14: 2023-04-10 | U14: -0.33568795 | V14: Stock | W14: Communication Services | X14: 1724.1701 | Y14: 45034 | Z14: Jonathan Weber
A15: AIZ | B15: =HYPERLINK("https://www.suredividend.com/sure-analysis-AIZ/","Assurant Inc") -> 0 | C15: Buy | D15: 129 | E15: 123.81 | F15: 164 | G15: 0.75493902 | H15: 0.022615298 | I15: 0.057834252 | J15: 0.07 | K15: 0.14836002 | L15: A | M15: B | N15: 10.404202 | O15: 11.9 | P15: 2.8 | Q15: 0.23529412 | R15: 17 | S15: 0.070155539 | T15: 2023-05-26 | U15: -0.27278985 | V15: Stock | W15: Financials | X15: 6580.7491 | Y15: 45058 | Z15: Aristofanis Papadatos
A16: WSM | B16: =HYPERLINK("https://www.suredividend.com/sure-analysis-WSM/","Williams-Sonoma, Inc.") -> 0 | C16: Buy | D16: 112 | E16: 120.16 | F16: 186 | G16: 0.64602151 | H16: 0.029960053 | I16: 0.091316207 | J16: 0.03 | K16: 0.14564481 | L16: A | M16: B | N16: 8.7708029 | O16: 13.7 | P16: 3.6 | Q16: 0.26277372 | R16: 17 | S16: 0.06010506 | T16: 2023-04-20 | U16: -0.021815405 | V16: Stock | W16: Consumer Discretionary | X16: 7716.96 | Y16: 45070 | Z16: Aristofanis Papadatos
A17: AFG | B17: =HYPERLINK("https://www.suredividend.com/sure-analysis-AFG/","American Financial Group Inc") -> 0 | C17: Buy | D17: 115 | E17: 116.03 | F17: 143 | G17: 0.8113986 | H17: 0.022407998 | I17: 0.042685056 | J17: 0.08 | K17: 0.14322787 | L17: A | M17: B | N17: 10.548182 | O17: 11 | P17: 2.6 | Q17: 0.23636364 | R17: 17 | S17: 0.079985695 | T17: 2023-04-13 | U17: -0.10215528 | V17: Stock | W17: Financials | X17: 9883.3972 | Y17: 45052 | Z17: Tiago Dias
A18: EBTC | B18: =HYPERLINK("https://www.suredividend.com/sure-analysis-EBTC/","Enterprise Bancorp, Inc.") -> 0 | C18: Buy | D18: 28 | E18: 29 | F18: 44 | G18: 0.65909091 | H18: 0.031724138 | I18: 0.086953426 | J18: 0.03 | K18: 0.14303945 | L18: A | M18: A | N18: 7.9452055 | O18: 3.65 | P18: 0.92 | Q18: 0.25205479 | R18: 29 | S18: 0.064918921 | T18: 2023-05-10 | U18: -0.07472106 | V18: Stock | W18: Financials | X18: 354.43525 | Y18: 45042 | Z18: Aristofanis Papadatos
A19: NWFL | B19: =HYPERLINK("https://www.suredividend.com/sure-analysis-NWFL/","Norwood Financial Corp.") -> 0 | C19: Buy | D19: 27 | E19: 30.73 | F19: 36 | G19: 0.85361111 | H19: 0.037748129 | I19: 0.03216229 | J19: 0.08 | K19: 0.14175434 | L19: A | M19: A | N19: 8.5361111 | O19: 3.6 | P19: 1.16 | Q19: 0.32222222 | R19: 31 | S19: 0.049930967 | T19: 2023-04-13 | U19: 0.36530447 | V19: Stock | W19: Financials | X19: 249.34829 | Y19: 45040 | Z19: Patrick Neuwirth
A20: CTBI | B20: =HYPERLINK("https://www.suredividend.com/sure-analysis-CTBI/","Community Trust Bancorp, Inc.") -> 0 | C20: Buy | D20: 36 | E20: 36.59 | F20: 55 | G20: 0.66527273 | H20: 0.048100574 | I20: 0.084925847 | J20: 0.02 | K20: 0.14040988 | L20: A | M20: A | N20: 8.0417582 | O20: 4.55 | P20: 1.76 | Q20: 0.38681319 | R20: 42 | S20: 0.037921812 | T20: 2023-06-14 | U20: -0.047274356 | V20: Stock | W20: Financials | X20: 658.02358 | Y20: 45036 | Z20: Aristofanis Papadatos
A21: HIFS | B21: =HYPERLINK("https://www.suredividend.com/sure-analysis-HIFS/","Hingham Institution For Savings") -> 0 | C21: Buy | D21: 214 | E21: 202.09 | F21: 242 | G21: 0.83508264 | H21: 0.012469692 | I21: 0.036702411 | J21: 0.09 | K21: 0.13981592 | L21: A | M21: C | N21: 9.1859091 | O21: 22 | P21: 2.52 | Q21: 0.11454545 | R21: 15 | S21: 0.090149944 | T21: 2023-04-28 | U21: -0.27356031 | V21: Stock | W21: Financials | X21: 425.60154 | Y21: 45032 | Z21: Patrick Neuwirth
A22: SWK | B22: =HYPERLINK("https://www.suredividend.com/sure-analysis-SWK/","Stanley Black & Decker Inc") -> 0 | C22: Buy | D22: 80 | E22: 87.81 | F22: 101 | G22: 0.86940594 | H22: 0.036442319 | I22: 0.028384398 | J22: 0.08 | K22: 0.13497782 | L22: A | M22: A | N22: 10.47852 | O22: 8.38 | P22: 3.2 | Q22: 0.38186158 | R22: 55 | S22: 0.019823336 | T22: 2023-06-02 | U22: -0.17870257 | V22: Stock | W22: Industrials | X22: 13447.461 | Y22: 45071 | Z22: Nathan Parsh
A23: ABM | B23: =HYPERLINK("https://www.suredividend.com/sure-analysis-ABM/","ABM Industries Inc.") -> 0 | C23: Buy | D23: 42 | E23: 40.53 | F23: 56 | G23: 0.72375 | H23: 0.021712312 | I23: 0.066798226 | J23: 0.05 | K23: 0.13482999 | L23: A | M23: B | N23: 11.58 | O23: 3.5 | P23: 0.88 | Q23: 0.25142857 | R23: 55 | S23: 0.02996745 | T23: 2023-04-05 | U23: -0.065032492 | V23: Stock | W23: Industrials | X23: 2680.8988 | Y23: 45050 | Z23: Jonathan Weber
A24: BRC | B24: =HYPERLINK("https://www.suredividend.com/sure-analysis-BRC/","Brady Corp.") -> 0 | C24: Buy | D24: 49 | E24: 48.1 | F24: 67 | G24: 0.71791045 | H24: 0.019126819 | I24: 0.068528094 | J24: 0.05 | K24: 0.13451736 | L24: A | M24: B | N24: 13.626062 | O24: 3.53 | P24: 0.92 | Q24: 0.26062323 | R24: 37 | S24: 0.020851259 | T24: 2023-04-06 | U24: 0.059336032 | V24: Stock | W24: Industrials | X24: 2208.3558 | Y24: 45074 | Z24: Nathan Parsh
A25: DCI | B25: =HYPERLINK("https://www.suredividend.com/sure-analysis-DCI/","Donaldson Co. Inc.") -> 0 | C25: Buy | D25: 60 | E25: 60.67 | F25: 73 | G25: 0.83109589 | H25: 0.016482611 | I25: 0.037695117 | J25: 0.08 | K25: 0.13365231 | L25: A | M25: B | N25: 19.891803 | O25: 3.05 | P25: 1 | Q25: 0.32786885 | R25: 27 | S25: 0.080098759 | T25: 2023-06-06 | U25: 0.28191584 | V25: Stock | W25: Industrials | X25: 7355.7635 | Y25: 45083 | Z25: Josh Arnold
A26: AEL | B26: =HYPERLINK("https://www.suredividend.com/sure-analysis-AEL/","American Equity Investment Life Holding Co") -> 0 | C26: Buy | D26: 40 | E26: 40.67 | F26: 55 | G26: 0.73945455 | H26: 0.0093434964 | I26: 0.062227898 | J26: 0.06 | K26: 0.13283679 | L26: A | M26: C | N26: 8.134 | O26: 5 | P26: 0.38 | Q26: 0.076 | R26: 18 | S26: 0.060613903 | T26: 2022-11-25 | U26: 0.083089214 | V26: Stock | W26: Financials | X26: 3169.8709 | Y26: 45075 | Z26: Tiago Dias
A27: TGT | B27: =HYPERLINK("https://www.suredividend.com/sure-analysis-TGT/","Target Corp") -> 0 | C27: Hold | D27: 152 | E27: 131.83 | F27: 134 | G27: 0.98380597 | H27: 0.033376318 | I27: 0.0032706542 | J27: 0.1 | K27: 0.13120656 | L27: A | M27: A | N27: 15.788024 | O27: 8.35 | P27: 4.4 | Q27: 0.52694611 | R27: 55 | S27: 0.086109954 | T27: 2023-05-16 | U27: -0.095040951 | V27: Stock | W27: Consumer Staples | X27: 60847.404 | Y27: 45069 | Z27: Josh Arnold
A28: LOW | B28: =HYPERLINK("https://www.suredividend.com/sure-analysis-LOW/","Lowe`s Cos., Inc.") -> 0 | C28: Buy | D28: 201 | E28: 215.22 | F28: 248 | G28: 0.86782258 | H28: 0.020444197 | I28: 0.028759386 | J28: 0.08 | K28: 0.12802129 | L28: A | M28: B | N28: 16.061194 | O28: 13.4 | P28: 4.4 | Q28: 0.32835821 | R28: 61 | S28: 0.089679558 | T28: 2023-04-25 | U28: 0.2025076 | V28: Stock | W28: Consumer Discretionary | X28: 126114.78 | Y28: 45072 | Z28: Quinn Mohammed
A29: RJF | B29: =HYPERLINK("https://www.suredividend.com/sure-analysis-RJF/","Raymond James Financial, Inc.") -> 0 | C29: Buy | D29: 91 | E29: 97.19 | F29: 112 | G29: 0.86776786 | H29: 0.017285729 | I29: 0.028772361 | J29: 0.08 | K29: 0.12722588 | L29: A | M29: C | N29: 10.859218 | O29: 8.95 | P29: 1.68 | Q29: 0.1877095 | R29: 11 | S29: 0.13034361 | T29: 2023-03-31 | U29: 0.067333489 | V29: Stock | W29: Financials | X29: 20595.6 | Y29: 45046 | Z29: Patrick Neuwirth
A30: BCPC | B30: =HYPERLINK("https://www.suredividend.com/sure-analysis-BCPC/","Balchem Corp.") -> 0 | C30: Buy | D30: 128 | E30: 128.98 | F30: 140 | G30: 0.92128571 | H30: 0.0055047294 | I30: 0.016532183 | J30: 0.1 | K30: 0.12314857 | L30: A | M30: D | N30: 32.245 | O30: 4 | P30: 0.71 | Q30: 0.1775 | R30: 13 | S30: 0.11977388 | T30: 2022-12-23 | U30: 0.024766651 | V30: Stock | W30: Consumer Staples | X30: 4156.733 | Y30: 45057 | Z30: Yiannis Zourmpanos
A31: PII | B31: =HYPERLINK("https://www.suredividend.com/sure-analysis-PII/","Polaris Inc") -> 0 | C31: Buy | D31: 107 | E31: 115.36 | F31: 156 | G31: 0.73948718 | H31: 0.022538141 | I31: 0.062218523 | J31: 0.04 | K31: 0.12298247 | L31: A | M31: B | N31: 11.092308 | O31: 10.4 | P31: 2.6 | Q31: 0.25 | R31: 28 | S31: 0.074848109 | T31: 2023-05-31 | U31: 0.097264258 | V31: Stock | W31: Consumer Discretionary | X31: 6564.7417 | Y31: 45043 | Z31: Nathan Parsh
A32: ADP | B32: =HYPERLINK("https://www.suredividend.com/sure-analysis-ADP/","Automatic Data Processing Inc.") -> 0 | C32: Buy | D32: 220 | E32: 213.83 | F32: 236 | G32: 0.90605932 | H32: 0.023383061 | I32: 0.019926024 | J32: 0.08 | K32: 0.1209546 | L32: A | M32: B | N32: 26.23681 | O32: 8.15 | P32: 5 | Q32: 0.61349693 | R32: 48 | S32: 0.080098759 | T32: 2023-06-08 | U32: 0.0034524621 | V32: Stock | W32: Industrials | X32: 88338.04 | Y32: 45047 | Z32: Josh Arnold
A33: FOXA | B33: =HYPERLINK("https://www.suredividend.com/sure-analysis-FOXA/","Fox Corporation") -> 0 | C33: Buy | D33: 31 | E33: 32.67 | F33: 43 | G33: 0.75976744 | H33: 0.015916743 | I33: 0.056486287 | J33: 0.05 | K33: 0.12054347 | L33: A | M33: C | N33: 9.7814371 | O33: 3.34 | P33: 0.52 | Q33: 0.15568862 | R33: 1 | S33: 0.029033661 | T33: 2023-02-28 | U33: 0.010425913 | V33: Stock | W33: Communication Services | X33: 16005.923 | Y33: 45069 | Z33: Felix Martinez
A34: TCEHY | B34: =HYPERLINK("https://www.suredividend.com/sure-analysis-TCEHY/","Tencent Holdings Ltd.") -> 0 | C34: Buy | D34: 45 | E34: 42.44 | F34: 45 | G34: 0.94311111 | H34: 0.0073044298 | I34: 0.011783116 | J34: 0.1 | K34: 0.12022131 | L34: A | M34: D | N34: 16.976 | O34: 2.5 | P34: 0.31 | Q34: 0.124 | R34: 1 | S34: 0.14869835 | T34: 2023-05-18 | U34: -0.13704758 | V34: Stock | W34: Communication Services | X34: 406926.64 | Y34: 45064 | Z34: Nikos Sismanis
A35: ELV | B35: =HYPERLINK("https://www.suredividend.com/sure-analysis-ELV/","Elevance Health Inc") -> 0 | C35: Buy | D35: 467 | E35: 450.4 | F35: 491 | G35: 0.91731161 | H35: 0.013143872 | I35: 0.017411453 | J35: 0.09 | K35: 0.12009239 | L35: A | M35: C | N35: 13.7737 | O35: 32.7 | P35: 5.92 | Q35: 0.18103976 | R35: 13 | S35: 0.090032217 | T35: 2023-06-08 | U35: -0.041436993 | V35: Stock | W35: Health Care | X35: 106769.93 | Y35: 45036 | Z35: Nathan Parsh
A36: NWN | B36: =HYPERLINK("https://www.suredividend.com/sure-analysis-NWN/","Northwest Natural Holding Co") -> 0 | C36: Buy | D36: 45.7 | E36: 42.04 | F36: 51.1 | G36: 0.82270059 | H36: 0.046146527 | I36: 0.039804371 | J36: 0.045 | K36: 0.11929157 | L36: A | M36: A | N36: 15.628253 | O36: 2.69 | P36: 1.94 | Q36: 0.72118959 | R36: 67 | S36: 0.01597615 | T36: 2023-04-27 | U36: -0.1652022 | V36: Stock | W36: Utilities | X36: 1511.9944 | Y36: 45067 | Z36: Samuel Smith
A37: NFG | B37: =HYPERLINK("https://www.suredividend.com/sure-analysis-NFG/","National Fuel Gas Co.") -> 0 | C37: Hold | D37: 52 | E37: 49.61 | F37: 69 | G37: 0.71898551 | H37: 0.039911308 | I37: 0.068208361 | J37: 0.02 | K37: 0.11790549 | L37: A | M37: A | N37: 9.4495238 | O37: 5.25 | P37: 1.98 | Q37: 0.37714286 | R37: 53 | S37: 0.017554577 | T37: 2023-03-30 | U37: -0.22495153 | V37: Stock | W37: Utilities | X37: 4554.3962 | Y37: 45058 | Z37: Aristofanis Papadatos
A38: PRI | B38: =HYPERLINK("https://www.suredividend.com/sure-analysis-PRI/","Primerica Inc") -> 0 | C38: Buy | D38: 181 | E38: 188.93 | F38: 193 | G38: 0.97891192 | H38: 0.013761711 | I38: 0.0042718209 | J38: 0.1 | K38: 0.11684516 | L38: A | M38: C | N38: 13.740364 | O38: 13.75 | P38: 2.6 | Q38: 0.18909091 | R38: 13 | S38: 0.10014045 | T38: 2023-05-19 | U38: 0.58529576 | V38: Stock | W38: Financials | X38: 6844.1782 | Y38: 45058 | Z38: Patrick Neuwirth
A39: FMCB | B39: =HYPERLINK("https://www.suredividend.com/sure-analysis-FMCB/","Farmers & Merchants Bancorp") -> 0 | C39: Buy | D39: 1000 | E39: 985 | F39: 1260 | G39: 0.78174603 | H39: 0.016852792 | I39: 0.050477762 | J39: 0.05 | K39: 0.11591311 | L39: A | M39: B | N39: 9.3809524 | O39: 105 | P39: 16.6 | Q39: 0.15809524 | R39: 58 | S39: 0.050136019 | T39: 2023-06-08 | U39: 0.096120413 | V39: Stock | W39: Financials | X39: 743.20515 | Y39: 45041 | Z39: Aristofanis Papadatos
A40: AMP | B40: =HYPERLINK("https://www.suredividend.com/sure-analysis-AMP/","Ameriprise Financial Inc") -> 0 | C40: Buy | D40: 305 | E40: 317.02 | F40: 350 | G40: 0.90577143 | H40: 0.017033626 | I40: 0.019990852 | J40: 0.08 | K40: 0.11586784 | L40: A | M40: B | N40: 10.421433 | O40: 30.42 | P40: 5.4 | Q40: 0.17751479 | R40: 19 | S40: 0.079880964 | T40: 2023-05-05 | U40: 0.29355792 | V40: Stock | W40: Financials | X40: 33026.759 | Y40: 45045 | Z40: Nathan Parsh
A41: EFSI | B41: =HYPERLINK("https://www.suredividend.com/sure-analysis-EFSI/","Eagle Financial Services, Inc.") -> 0 | C41: Buy | D41: 32 | E41: 31.25 | F41: 39 | G41: 0.80128205 | H41: 0.0384 | I41: 0.045304734 | J41: 0.04 | K41: 0.1156349 | L41: A | M41: A | N41: 8.0128205 | O41: 3.9 | P41: 1.2 | Q41: 0.30769231 | R41: 35 | S41: 0.029832778 | T41: 2023-05-05 | U41: -0.084994495 | V41: Stock | W41: Financials | X41: 110.2575 | Y41: 45076 | Z41: Jonathan Weber
A42: AJG | B42: =HYPERLINK("https://www.suredividend.com/sure-analysis-AJG/","Arthur J. Gallagher & Co.") -> 0 | C42: Buy | D42: 208 | E42: 212.46 | F42: 220 | G42: 0.96572727 | H42: 0.01035489 | I42: 0.0069991425 | J42: 0.1 | K42: 0.11557125 | L42: A | M42: D | N42: 24.143182 | O42: 8.8 | P42: 2.2 | Q42: 0.25 | R42: 13 | S42: 0.050163036 | T42: 2023-06-01 | U42: 0.29998703 | V42: Stock | W42: Financials | X42: 45518.705 | Y42: 45047 | Z42: Josh Arnold
A43: SYY | B43: =HYPERLINK("https://www.suredividend.com/sure-analysis-SYY/","Sysco Corp.") -> 0 | C43: Buy | D43: 73 | E43: 72.45 | F43: 80 | G43: 0.905625 | H43: 0.02705314 | I43: 0.020023833 | J43: 0.07 | K43: 0.11329929 | L43: A | M43: B | N43: 18.1125 | O43: 4 | P43: 1.96 | Q43: 0.49 | R43: 53 | S43: 0.059763711 | T43: 2023-04-05 | U43: -0.1318862 | V43: Stock | W43: Consumer Staples | X43: 36709.134 | Y43: 45069 | Z43: Felix Martinez
A44: BOKF | B44: =HYPERLINK("https://www.suredividend.com/sure-analysis-BOKF/","BOK Financial Corp.") -> 0 | C44: Buy | D44: 84 | E44: 81.19 | F44: 104 | G44: 0.78067308 | H44: 0.026604262 | I44: 0.050766358 | J44: 0.04 | K44: 0.11305817 | L44: A | M44: B | N44: 9.0211111 | O44: 9 | P44: 2.16 | Q44: 0.24 | R44: 18 | S44: 0.040160601 | T44: 2023-05-12 | U44: 0.081698262 | V44: Stock | W44: Financials | X44: 5407.3216 | Y44: 45044 | Z44: Patrick Neuwirth
A45: THFF | B45: =HYPERLINK("https://www.suredividend.com/sure-analysis-THFF/","First Financial Corp. - Indiana") -> 0 | C45: Buy | D45: 33 | E45: 32.09 | F45: 49 | G45: 0.65489796 | H45: 0.033655344 | I45: 0.088341708 | J45: 0 | K45: 0.11206635 | L45: A | M45: A | N45: 6.5489796 | O45: 4.9 | P45: 1.08 | Q45: 0.22040816 | R45: 34 | S45: 0.010872121 | T45: 2023-06-15 | U45: -0.26165726 | V45: Stock | W45: Financials | X45: 387.19435 | Y45: 45052 | Z45: Josh Arnold
A46: LNN | B46: =HYPERLINK("https://www.suredividend.com/sure-analysis-LNN/","Lindsay Corporation") -> 0 | C46: Buy | D46: 128 | E46: 124.99 | F46: 168 | G46: 0.7439881 | H46: 0.01088087 | I46: 0.060930177 | J46: 0.04 | K46: 0.11150307 | L46: A | M46: C | N46: 17.855714 | O46: 7 | P46: 1.36 | Q46: 0.19428571 | R46: 20 | S46: 0.039415065 | T46: 2023-05-16 | U46: 0.019211638 | V46: Stock | W46: Industrials | X46: 1375.878 | Y46: 45021 | Z46: Ian Bezek
A47: TMO | B47: =HYPERLINK("https://www.suredividend.com/sure-analysis-TMO/","Thermo Fisher Scientific Inc.") -> 0 | C47: Hold | D47: 543 | E47: 524.21 | F47: 545 | G47: 0.96185321 | H47: 0.0026706854 | I47: 0.007809018 | J47: 0.1 | K47: 0.11132113 | L47: A | M47: D | N47: 22.118565 | O47: 23.7 | P47: 1.4 | Q47: 0.05907173 | R47: 6 | S47: 0.15033468 | T47: 2023-06-14 | U47: -0.035525187 | V47: Stock | W47: Health Care | X47: 202198.96 | Y47: 45044 | Z47: Nikos Sismanis
A48: STE | B48: =HYPERLINK("https://www.suredividend.com/sure-analysis-STE/","Steris Plc") -> 0 | C48: Buy | D48: 206 | E48: 210.81 | F48: 214 | G48: 0.98509346 | H48: 0.008917983 | I48: 0.003008268 | J48: 0.1 | K48: 0.11128028 | L48: A | M48: D | N48: 24.65614 | O48: 8.55 | P48: 1.88 | Q48: 0.21988304 | R48: 12 | S48: 0.1001628 | T48: 2023-06-13 | U48: 0.021821247 | V48: Stock | W48: Health Care | X48: 20796.615 | Y48: 45064 | Z48: Yiannis Zourmpanos
A49: ADI | B49: =HYPERLINK("https://www.suredividend.com/sure-analysis-ADI/","Analog Devices Inc.") -> 0 | C49: Buy | D49: 172 | E49: 185.94 | F49: 190 | G49: 0.97863158 | H49: 0.018500592 | I49: 0.0043293509 | J49: 0.09 | K49: 0.11102648 | L49: A | M49: C | N49: 17.65812 | O49: 10.53 | P49: 3.44 | Q49: 0.32668566 | R49: 19 | S49: 0.089881914 | T49: 2023-06-02 | U49: 0.27163155 | V49: Stock | W49: Information Technology | X49: 93233.719 | Y49: 45072 | Z49: Quinn Mohammed
A50: KR | B50: =HYPERLINK("https://www.suredividend.com/sure-analysis-KR/","Kroger Co.") -> 0 | C50: Buy | D50: 46 | E50: 46.14 | F50: 59 | G50: 0.7820339 | H50: 0.025140876 | I50: 0.050400414 | J50: 0.038 | K50: 0.11005366 | L50: A | M50: B | N50: 10.253333 | O50: 4.5 | P50: 1.16 | Q50: 0.25777778 | R50: 18 | S50: 0.047077852 | T50: 2023-05-12 | U50: -0.026327562 | V50: Stock | W50: Consumer Staples | X50: 33112.297 | Y50: 45098 | Z50: Quinn Mohammed
A51: TTC | B51: =HYPERLINK("https://www.suredividend.com/sure-analysis-TTC/","Toro Co.") -> 0 | C51: Buy | D51: 97 | E51: 97.41 | F51: 105 | G51: 0.92771429 | H51: 0.013961606 | I51: 0.015119455 | J51: 0.08 | K51: 0.10901144 | L51: A | M51: C | N51: 20.507368 | O51: 4.75 | P51: 1.36 | Q51: 0.28631579 | R51: 14 | S51: 0.099970508 | T51: 2023-06-20 | U51: 0.24466217 | V51: Stock | W51: Industrials | X51: 10121.447 | Y51: 45098 | Z51: Quinn Mohammed
A52: DOV | B52: =HYPERLINK("https://www.suredividend.com/sure-analysis-DOV/","Dover Corp.") -> 0 | C52: Buy | D52: 146 | E52: 141.13 | F52: 152 | G52: 0.92848684 | H52: 0.014313045 | I52: 0.014950471 | J52: 0.08 | K52: 0.1074217 | L52: A | M52: B | N52: 15.768715 | O52: 8.95 | P52: 2.02 | Q52: 0.22569832 | R52: 67 | S52: 0.050155636 | T52: 2023-05-30 | U52: 0.1580306 | V52: Stock | W52: Industrials | X52: 19737.214 | Y52: 45045 | Z52: Nathan Parsh
A53: AIT | B53: =HYPERLINK("https://www.suredividend.com/sure-analysis-AIT/","Applied Industrial Technologies Inc.") -> 0 | C53: Buy | D53: 136 | E53: 137.02 | F53: 157 | G53: 0.87273885 | H53: 0.010217486 | I53: 0.027597734 | J53: 0.07 | K53: 0.10706257 | L53: A | M53: C | N53: 16.12 | O53: 8.5 | P53: 1.4 | Q53: 0.16470588 | R53: 15 | S53: 0.029621009 | T53: 2023-05-12 | U53: 0.45772626 | V53: Stock | W53: Industrials | X53: 5296.3881 | Y53: 45044 | Z53: Patrick Neuwirth
A54: ADM | B54: =HYPERLINK("https://www.suredividend.com/sure-analysis-ADM/","Archer Daniels Midland Co.") -> 0 | C54: Hold | D54: 76 | E54: 72.9 | F54: 96 | G54: 0.759375 | H54: 0.024691358 | I54: 0.056595462 | J54: 0.03 | K54: 0.10691469 | L54: A | M54: A | N54: 10.642336 | O54: 6.85 | P54: 1.8 | Q54: 0.26277372 | R54: 50 | S54: 0.03032623 | T54: 2023-05-16 | U54: -0.0016775651 | V54: Stock | W54: Consumer Staples | X54: 39703.878 | Y54: 45048 | Z54: Felix Martinez
A55: RHHBY | B55: =HYPERLINK("https://www.suredividend.com/sure-analysis-RHHBY/","Roche Holding AG") -> 0 | C55: Buy | D55: 38 | E55: 38.43 | F55: 49 | G55: 0.78428571 | H55: 0.033567525 | I55: 0.049796545 | J55: 0.03 | K55: 0.10674891 | L55: A | M55: A | N55: 13.390244 | O55: 2.87 | P55: 1.29 | Q55: 0.44947735 | R55: 36 | S55: 0.027861031 | T55: 2023-03-16 | U55: -0.04282028 | V55: Stock | W55: Health Care | X55: 215995.88 | Y55: 45043 | Z55: Derek English
A56: UNM | B56: =HYPERLINK("https://www.suredividend.com/sure-analysis-UNM/","Unum Group") -> 0 | C56: Buy | D56: 43 | E56: 45.78 | F56: 59 | G56: 0.7759322 | H56: 0.028833552 | I56: 0.052047248 | J56: 0.03 | K56: 0.10556982 | L56: A | M56: B | N56: 6.1449664 | O56: 7.45 | P56: 1.32 | Q56: 0.17718121 | R56: 14 | S56: 0.02996745 | T56: 2023-04-27 | U56: 0.38085801 | V56: Stock | W56: Financials | X56: 9021.8046 | Y56: 45060 | Z56: Aristofanis Papadatos
A57: ENSG | B57: =HYPERLINK("https://www.suredividend.com/sure-analysis-ENSG/","Ensign Group Inc") -> 0 | C57: Buy | D57: 94 | E57: 90.91 | F57: 101 | G57: 0.90009901 | H57: 0.0025299747 | I57: 0.021273218 | J57: 0.08 | K57: 0.10493683 | L57: A | M57: C | N57: 19.763043 | O57: 4.6 | P57: 0.23 | Q57: 0.05 | R57: 15 | S57: 0.047451764 | T57: 2023-03-30 | U57: 0.21133224 | V57: Stock | W57: Health Care | X57: 5089.5781 | Y57: 45056 | Z57: Yiannis Zourmpanos
A58: SLGN | B58: =HYPERLINK("https://www.suredividend.com/sure-analysis-SLGN/","Silgan Holdings Inc.") -> 0 | C58: Hold | D58: 49 | E58: 45.75 | F58: 53 | G58: 0.86320755 | H58: 0.013989071 | I58: 0.029857069 | J58: 0.06 | K58: 0.10456371 | L58: A | M58: C | N58: 11.296296 | O58: 4.05 | P58: 0.64 | Q58: 0.15802469 | R58: 18 | S58: 0.099844912 | T58: 2023-05-31 | U58: 0.092920978 | V58: Stock | W58: Materials | X58: 5044.0494 | Y58: 45043 | Z58: Nikos Sismanis
A59: DG | B59: =HYPERLINK("https://www.suredividend.com/sure-analysis-DG/","Dollar General Corp.") -> 0 | C59: Buy | D59: 153 | E59: 171.15 | F59: 181 | G59: 0.94558011 | H59: 0.013789074 | I59: 0.01125419 | J59: 0.08 | K59: 0.10350249 | L59: A | M59: C | N59: 16.996028 | O59: 10.07 | P59: 2.36 | Q59: 0.23435948 | R59: 9 | S59: 0.060119971 | T59: 2023-04-10 | U59: -0.30298249 | V59: Stock | W59: Consumer Staples | X59: 37540.237 | Y59: 45091 | Z59: Prakash Kolli
A60: JNJ | B60: =HYPERLINK("https://www.suredividend.com/sure-analysis-JNJ/","Johnson & Johnson") -> 0 | C60: Buy | D60: 162 | E60: 165.48 | F60: 181 | G60: 0.91425414 | H60: 0.028764805 | I60: 0.018091033 | J60: 0.06 | K60: 0.10340815 | L60: A | M60: A | N60: 15.538028 | O60: 10.65 | P60: 4.76 | Q60: 0.44694836 | R60: 61 | S60: 0.060001539 | T60: 2023-05-22 | U60: -0.066612443 | V60: Stock | W60: Health Care | X60: 430038.51 | Y60: 45035 | Z60: Nathan Parsh
A61: BKH | B61: =HYPERLINK("https://www.suredividend.com/sure-analysis-BKH/","Black Hills Corporation") -> 0 | C61: Buy | D61: 60 | E61: 59.48 | F61: 68 | G61: 0.87470588 | H61: 0.042030935 | I61: 0.027135147 | J61: 0.04 | K61: 0.1032921 | L61: A | M61: A | N61: 15.861333 | O61: 3.75 | P61: 2.5 | Q61: 0.66666667 | R61: 52 | S61: 0.049953667 | T61: 2023-05-17 | U61: -0.13707307 | V61: Stock | W61: Utilities | X61: 3981.2103 | Y61: 45077 | Z61: Jonathan Weber
A62: ITT | B62: =HYPERLINK("https://www.suredividend.com/sure-analysis-ITT/","ITT Inc") -> 0 | C62: Buy | D62: 82 | E62: 87.07 | F62: 87 | G62: 1.0008046 | H62: 0.013322614 | I62: -0.0001608419 | J62: 0.09 | K62: 0.10223144 | L62: A | M62: C | N62: 17.952577 | O62: 4.85 | P62: 1.16 | Q62: 0.23917526 | R62: 27 | S62: 0.10021288 | T62: 2023-06-08 | U62: 0.26858735 | V62: Stock | W62: Industrials | X62: 7174.568 | Y62: 45067 | Z62: Ian Bezek
A63: FUL | B63: =HYPERLINK("https://www.suredividend.com/sure-analysis-FUL/","H.B. Fuller Company") -> 0 | C63: Hold | D63: 67 | E63: 63.15 | F63: 66 | G63: 0.95681818 | H63: 0.012984956 | I63: 0.0088674637 | J63: 0.08 | K63: 0.10038713 | L63: A | M63: B | N63: 14.352273 | O63: 4.4 | P63: 0.82 | Q63: 0.18636364 | R63: 54 | S63: 0.060512438 | T63: 2023-04-19 | U63: 0.032642289 | V63: Stock | W63: Materials | X63: 3399.2794 | Y63: 45028 | Z63: Aristofanis Papadatos
A64: RBCAA | B64: =HYPERLINK("https://www.suredividend.com/sure-analysis-RBCAA/","Republic Bancorp, Inc. (KY)") -> 0 | C64: Buy | D64: 40 | E64: 42.63 | F64: 52 | G64: 0.81980769 | H64: 0.035186488 | I64: 0.040537178 | J64: 0.03 | K64: 0.10037928 | L64: A | M64: A | N64: 9.4733333 | O64: 4.5 | P64: 1.5 | Q64: 0.33333333 | R64: 22 | S64: 0.041706353 | T64: 2023-06-15 | U64: -0.070480394 | V64: Stock | W64: Financials | X64: 749.79238 | Y64: 45042 | Z64: Aristofanis Papadatos
A65: FDS | B65: =HYPERLINK("https://www.suredividend.com/sure-analysis-FDS/","Factset Research Systems Inc.") -> 0 | C65: Hold | D65: 393 | E65: 394.05 | F65: 406 | G65: 0.9705665 | H65: 0.0099479761 | I65: 0.0059929573 | J65: 0.085 | K65: 0.10033676 | L65: A | M65: C | N65: 27.175862 | O65: 14.5 | P65: 3.92 | Q65: 0.27034483 | R65: 24 | S65: 0.08373303 | T65: 2023-05-30 | U65: 0.010042755 | V65: Stock | W65: Financials | X65: 15099.793 | Y65: 45009 | Z65: Yiannis Zourmpanos
A66: UVV | B66: =HYPERLINK("https://www.suredividend.com/sure-analysis-UVV/","Universal Corp.") -> 0 | C66: Hold | D66: 52 | E66: 50.39 | F66: 60 | G66: 0.83983333 | H66: 0.063504664 | I66: 0.035526884 | J66: 0.015 | K66: 0.099892407 | L66: A | M66: A | N66: 10.078 | O66: 5 | P66: 3.2 | Q66: 0.64 | R66: 53 | S66: 0.0098057977 | T66: 2023-04-06 | U66: -0.099924622 | V66: Stock | W66: Consumer Staples | X66: 1237.3446 | Y66: 45078 | Z66: Jonathan Weber
A67: CFR | B67: =HYPERLINK("https://www.suredividend.com/sure-analysis-CFR/","Cullen Frost Bankers Inc.") -> 0 | C67: Hold | D67: 102 | E67: 103.57 | F67: 139 | G67: 0.74510791 | H67: 0.033600463 | I67: 0.060611092 | J67: 0.01 | K67: 0.099308562 | L67: A | M67: A | N67: 10.461616 | O67: 9.9 | P67: 3.48 | Q67: 0.35151515 | R67: 29 | S67: 0.049930967 | T67: 2023-05-30 | U67: -0.1085331 | V67: Stock | W67: Financials | X67: 6669.7629 | Y67: 45049 | Z67: Aristofanis Papadatos
A68: CSL | B68: =HYPERLINK("https://www.suredividend.com/sure-analysis-CSL/","Carlisle Companies Inc.") -> 0 | C68: Buy | D68: 210 | E68: 241.66 | F68: 288 | G68: 0.83909722 | H68: 0.012414136 | I68: 0.035708507 | J68: 0.05 | K68: 0.097892638 | L68: A | M68: B | N68: 13.425556 | O68: 18 | P68: 3 | Q68: 0.16666667 | R68: 46 | S68: 0.059752924 | T68: 2023-05-16 | U68: 0.018358776 | V68: Stock | W68: Industrials | X68: 12316.841 | Y68: 45059 | Z68: Jonathan Weber
A69: FRT | B69: =HYPERLINK("https://www.suredividend.com/sure-analysis-FRT/","Federal Realty Investment Trust.") -> 0 | C69: Hold | D69: 91 | E69: 90.1 | F69: 97 | G69: 0.92886598 | H69: 0.047946726 | I69: 0.014867602 | J69: 0.044 | K69: 0.097858818 | L69: A | M69: A | N69: 13.947368 | O69: 6.46 | P69: 4.32 | Q69: 0.66873065 | R69: 55 | S69: 0.026768731 | T69: 2023-06-21 | U69: -0.053997726 | V69: REIT | W69: Real Estate | X69: 7344.5373 | Y69: 45067 | Z69: Samuel Smith
A70: MDT | B70: =HYPERLINK("https://www.suredividend.com/sure-analysis-MDT/","Medtronic Plc") -> 0 | C70: Hold | D70: 88 | E70: 87.48 | F70: 87 | G70: 1.0055172 | H70: 0.031550069 | I70: -0.0010998102 | J70: 0.07 | K70: 0.097429745 | L70: A | M70: B | N70: 17.152941 | O70: 5.1 | P70: 2.76 | Q70: 0.54117647 | R70: 46 | S70: 0.074873166 | T70: 2023-06-22 | U70: 0.0023672734 | V70: Stock | W70: Health Care | X70: 116383.87 | Y70: 45071 | Z70: Aristofanis Papadatos
A71: WLK | B71: =HYPERLINK("https://www.suredividend.com/sure-analysis-WLK/","Westlake Corporation") -> 0 | C71: Hold | D71: 114 | E71: 112.8 | F71: 132 | G71: 0.85454545 | H71: 0.012677305 | I71: 0.031936482 | J71: 0.05 | K71: 0.095604012 | L71: A | M71: C | N71: 10.254545 | O71: 11 | P71: 1.43 | Q71: 0.13 | R71: 17 | S71: 0.09971047 | T71: 2023-05-22 | U71: 0.14699073 | V71: Stock | W71: Industrials | X71: 14393.28 | Y71: 45071 | Z71: Yiannis Zourmpanos
A72: LARK | B72: =HYPERLINK("https://www.suredividend.com/sure-analysis-LARK/","Landmark Bancorp Inc") -> 0 | C72: Buy | D72: 20 | E72: 21.9549 | F72: 21 | G72: 1.0454714 | H72: 0.038260252 | I72: -0.0088541514 | J72: 0.07 | K72: 0.095412837 | L72: A | M72: A | N72: 9.3029237 | O72: 2.36 | P72: 0.84 | Q72: 0.3559322 | R72: 21 | S72: 0.070337014 | T72: 2023-05-16 | U72: -0.030346259 | V72: Stock | W72: Financials | X72: 114.50743 | Y72: 45057 | Z72: Patrick Neuwirth
A73: NIDB | B73: =HYPERLINK("https://www.suredividend.com/sure-analysis-NIDB/","Northeast Indiana Bancorp Inc.") -> 0 | C73: Hold | D73: 42 | E73: 39 | F73: 47 | G73: 0.82978723 | H73: 0.032820513 | I73: 0.03802222 | J73: 0.03 | K73: 0.09528151 | L73: A | M73: A | N73: 7.4285714 | O73: 5.25 | P73: 1.28 | Q73: 0.24380952 | R73: 27 | S73: 0.029462068 | T73: 2023-05-10 | U73: -0.076923077 | V73: Stock | W73: Financials | X73: 47.437065 | Y73: 45040 | Z73: Nathan Parsh
A74: DE | B74: =HYPERLINK("https://www.suredividend.com/sure-analysis-DE/","Deere & Co.") -> 0 | C74: Buy | D74: 364 | E74: 404.45 | F74: 532 | G74: 0.76024436 | H74: 0.012362468 | I74: 0.056353702 | J74: 0.025 | K74: 0.093675826 | L74: A | M74: C | N74: 12.839683 | O74: 31.5 | P74: 5 | Q74: 0.15873016 | R74: 3 | S74: 0.072044099 | T74: 2023-03-30 | U74: 0.31785383 | V74: Stock | W74: Industrials | X74: 118581.56 | Y74: 45068 | Z74: Aristofanis Papadatos
A75: INTU | B75: =HYPERLINK("https://www.suredividend.com/sure-analysis-INTU/","Intuit Inc") -> 0 | C75: Buy | D75: 413 | E75: 452.69 | F75: 370 | G75: 1.2234865 | H75: 0.0068921337 | I75: -0.039538049 | J75: 0.13 | K75: 0.092502473 | L75: A | M75: D | N75: 31.83474 | O75: 14.22 | P75: 3.12 | Q75: 0.21940928 | R75: 11 | S75: 0.13006299 | T75: 2023-04-06 | U75: 0.091963866 | V75: Stock | W75: Information Technology | X75: 126780.24 | Y75: 45071 | Z75: Nikos Sismanis
A76: BDX | B76: =HYPERLINK("https://www.suredividend.com/sure-analysis-BDX/","Becton, Dickinson And Co.") -> 0 | C76: Hold | D76: 252 | E76: 256.55 | F76: 232 | G76: 1.105819 | H76: 0.014188267 | I76: -0.01991624 | J76: 0.1 | K76: 0.091840107 | L76: A | M76: B | N76: 21.011466 | O76: 12.21 | P76: 3.64 | Q76: 0.2981163 | R76: 51 | S76: 0.099915308 | T76: 2023-06-08 | U76: 0.037427035 | V76: Stock | W76: Health Care | X76: 72864.024 | Y76: 45069 | Z76: Nathan Parsh
A77: SEIC | B77: =HYPERLINK("https://www.suredividend.com/sure-analysis-SEIC/","SEI Investments Co.") -> 0 | C77: Hold | D77: 58 | E77: 56.98 | F77: 62 | G77: 0.91903226 | H77: 0.015093015 | I77: 0.017030199 | J77: 0.06 | K77: 0.09182953 | L77: A | M77: B | N77: 16.515942 | O77: 3.45 | P77: 0.86 | Q77: 0.24927536 | R77: 32 | S77: 0.079380129 | T77: 2023-06-09 | U77: 0.051652412 | V77: Stock | W77: Financials | X77: 7595.7808 | Y77: 45041 | Z77: Josh Arnold
A78: SYK | B78: =HYPERLINK("https://www.suredividend.com/sure-analysis-SYK/","Stryker Corp.") -> 0 | C78: Hold | D78: 294 | E78: 297.88 | F78: 249 | G78: 1.1963052 | H78: 0.01007117 | I78: -0.03521265 | J78: 0.12 | K78: 0.090879042 | L78: A | M78: C | N78: 29.347783 | O78: 10.15 | P78: 3 | Q78: 0.2955665 | R78: 29 | S78: 0.12012601 | T78: 2023-03-30 | U78: 0.47575151 | V78: Stock | W78: Health Care | X78: 112846.25 | Y78: 45049 | Z78: Nathan Parsh
A79: RRX | B79: =HYPERLINK("https://www.suredividend.com/sure-analysis-RRX/","Regal Rexnord Corp") -> 0 | C79: Buy | D79: 127 | E79: 148.38 | F79: 149 | G79: 0.99583893 | H79: 0.0094352339 | I79: 0.00083429887 | J79: 0.08 | K79: 0.089028609 | L79: A | M79: C | N79: 13.932394 | O79: 10.65 | P79: 1.4 | Q79: 0.1314554 | R79: 19 | S79: 0.059601865 | T79: 2023-03-30 | U79: 0.27989042 | V79: Stock | W79: Industrials | X79: 9834.4262 | Y79: 45061 | Z79: Prakash Kolli
A80: PPG | B80: =HYPERLINK("https://www.suredividend.com/sure-analysis-PPG/","PPG Industries, Inc.") -> 0 | C80: Hold | D80: 142 | E80: 138.89 | F80: 134 | G80: 1.0364925 | H80: 0.017855857 | I80: -0.0071428583 | J80: 0.08 | K80: 0.088868258 | L80: A | M80: B | N80: 19.672805 | O80: 7.06 | P80: 2.48 | Q80: 0.35127479 | R80: 51 | S80: 0.079766727 | T80: 2023-05-09 | U80: 0.17024745 | V80: Stock | W80: Materials | X80: 32696.934 | Y80: 45040 | Z80: Nathan Parsh
A81: PSBQ | B81: =HYPERLINK("https://www.suredividend.com/sure-analysis-PSBQ/","PSB Holdings Inc (WI)") -> 0 | C81: Hold | D81: 21 | E81: 20.45 | F81: 27 | G81: 0.75740741 | H81: 0.024449878 | I81: 0.057143857 | J81: 0.01 | K81: 0.088148476 | L81: A | M81: B | N81: 7.3035714 | O81: 2.8 | P81: 0.5 | Q81: 0.17857143 | R81: 29 | S81: 0.040571594 | T81: 2023-01-05 | U81: -0.14827155 | V81: Stock | W81: Financials | X81: 88.215288 | Y81: 45041 | Z81: Josh Arnold
A82: GPC | B82: =HYPERLINK("https://www.suredividend.com/sure-analysis-GPC/","Genuine Parts Co.") -> 0 | C82: Hold | D82: 173 | E82: 159.67 | F82: 163 | G82: 0.97957055 | H82: 0.023799086 | I82: 0.0041367359 | J82: 0.06 | K82: 0.086285134 | L82: A | M82: B | N82: 17.643094 | O82: 9.05 | P82: 3.8 | Q82: 0.4198895 | R82: 67 | S82: 0.070012183 | T82: 2023-06-01 | U82: 0.19434178 | V82: Stock | W82: Consumer Discretionary | X82: 22436.132 | Y82: 45055 | Z82: Josh Arnold
A83: GL | B83: =HYPERLINK("https://www.suredividend.com/sure-analysis-GL/","Globe Life Inc") -> 0 | C83: Hold | D83: 108 | E83: 106.28 | F83: 105 | G83: 1.0121905 | H83: 0.0084681972 | I83: -0.0024204202 | J83: 0.08 | K83: 0.08570017 | L83: A | M83: C | N83: 13.186104 | O83: 8.06 | P83: 0.9 | Q83: 0.11166253 | R83: 18 | S83: 0.1000821 | T83: 2023-03-31 | U83: 0.080267932 | V83: Stock | W83: Financials | X83: 10155.569 | Y83: 45052 | Z83: Tiago Dias
A84: ATO | B84: =HYPERLINK("https://www.suredividend.com/sure-analysis-ATO/","Atmos Energy Corp.") -> 0 | C84: Hold | D84: 118 | E84: 114.42 | F84: 114 | G84: 1.0036842 | H84: 0.025869603 | I84: -0.00073521768 | J84: 0.06 | K84: 0.084072405 | L84: A | M84: B | N84: 19.07 | O84: 6 | P84: 2.96 | Q84: 0.49333333 | R84: 39 | S84: 0.080039177 | T84: 2023-05-19 | U84: 0.066996408 | V84: Stock | W84: Utilities | X84: 16532.238 | Y84: 45052 | Z84: Josh Arnold
A85: ODFL | B85: =HYPERLINK("https://www.suredividend.com/sure-analysis-ODFL/","Old Dominion Freight Line, Inc.") -> 0 | C85: Buy | D85: 306 | E85: 326.63 | F85: 268 | G85: 1.2187687 | H85: 0.004898509 | I85: -0.038795612 | J85: 0.12 | K85: 0.083926773 | L85: A | M85: D | N85: 26.772951 | O85: 12.2 | P85: 1.6 | Q85: 0.13114754 | R85: 6 | S85: 0.24985597 | T85: 2023-06-06 | U85: 0.27342719 | V85: Stock | W85: Industrials | X85: 35815.479 | Y85: 45043 | Z85: Nikos Sismanis
A86: CINF | B86: =HYPERLINK("https://www.suredividend.com/sure-analysis-CINF/","Cincinnati Financial Corp.") -> 0 | C86: Hold | D86: 105 | E86: 95.71 | F86: 94 | G86: 1.0181915 | H86: 0.031344687 | I86: -0.0035991084 | J86: 0.06 | K86: 0.083923102 | L86: A | M86: A | N86: 20.277542 | O86: 4.72 | P86: 3 | Q86: 0.63559322 | R86: 63 | S86: 0.050063358 | T86: 2023-06-15 | U86: -0.14878365 | V86: Stock | W86: Financials | X86: 15046.828 | Y86: 45069 | Z86: Felix Martinez
A87: V | B87: =HYPERLINK("https://www.suredividend.com/sure-analysis-V/","Visa Inc") -> 0 | C87: Hold | D87: 233 | E87: 229.55 | F87: 214 | G87: 1.0726636 | H87: 0.0078414289 | I87: -0.013931024 | J87: 0.09 | K87: 0.082595398 | L87: A | M87: D | N87: 26.816589 | O87: 8.56 | P87: 1.8 | Q87: 0.21028037 | R87: 15 | S87: 0.1000821 | T87: 2023-05-11 | U87: 0.12846232 | V87: Stock | W87: Financials | X87: 433944.67 | Y87: 45050 | Z87: Quinn Mohammed
A88: KO | B88: =HYPERLINK("https://www.suredividend.com/sure-analysis-KO/","Coca-Cola Co") -> 0 | C88: Hold | D88: 64 | E88: 61.2 | F88: 60 | G88: 1.02 | H88: 0.030065359 | I88: -0.0039526929 | J88: 0.06 | K88: 0.082512366 | L88: A | M88: B | N88: 23.538462 | O88: 2.6 | P88: 1.84 | Q88: 0.70769231 | R88: 61 | S88: 0.050146787 | T88: 2023-06-15 | U88: -6.2087648e-05 | V88: Stock | W88: Consumer Staples | X88: 264664.19 | Y88: 45041 | Z88: Josh Arnold
A89: CSX | B89: =HYPERLINK("https://www.suredividend.com/sure-analysis-CSX/","CSX Corp.") -> 0 | C89: Hold | D89: 32 | E89: 32.74 | F89: 34 | G89: 0.96294118 | H89: 0.013439218 | I89: 0.0075811833 | J89: 0.06 | K89: 0.081931785 | L89: A | M89: C | N89: 17.231579 | O89: 1.9 | P89: 0.44 | Q89: 0.23157895 | R89: 18 | S89: 0.10957282 | T89: 2023-05-30 | U89: 0.11811212 | V89: Stock | W89: Industrials | X89: 66562.218 | Y89: 45041 | Z89: Josh Arnold
A90: PH | B90: =HYPERLINK("https://www.suredividend.com/sure-analysis-PH/","Parker-Hannifin Corp.") -> 0 | C90: Buy | D90: 328 | E90: 370.12 | F90: 328 | G90: 1.1284146 | H90: 0.015994812 | I90: -0.023873152 | J90: 0.09 | K90: 0.080232704 | L90: A | M90: B | N90: 17.709091 | O90: 20.9 | P90: 5.92 | Q90: 0.28325359 | R90: 67 | S90: 0.099902626 | T90: 2023-05-11 | U90: 0.49470541 | V90: Stock | W90: Industrials | X90: 47527.109 | Y90: 45063 | Z90: Aristofanis Papadatos
A91: TRV | B91: =HYPERLINK("https://www.suredividend.com/sure-analysis-TRV/","Travelers Companies Inc.") -> 0 | C91: Hold | D91: 179 | E91: 173.72 | F91: 173 | G91: 1.0041618 | H91: 0.023025558 | I91: -0.00083029775 | J91: 0.06 | K91: 0.08013075 | L91: A | M91: B | N91: 12.022145 | O91: 14.45 | P91: 4 | Q91: 0.27681661 | R91: 19 | S91: 0.05988503 | T91: 2023-06-08 | U91: 0.064732187 | V91: Stock | W91: Financials | X91: 40125.249 | Y91: 45037 | Z91: Josh Arnold
A92: DHR | B92: =HYPERLINK("https://www.suredividend.com/sure-analysis-DHR/","Danaher Corp.") -> 0 | C92: Hold | D92: 231 | E92: 238.18 | F92: 266 | G92: 0.89541353 | H92: 0.0045343858 | I92: 0.022339802 | J92: 0.05 | K92: 0.078005816 | L92: A | M92: D | N92: 25.071579 | O92: 9.5 | P92: 1.08 | Q92: 0.11368421 | R92: 9 | S92: 0.1000821 | T92: 2023-03-30 | U92: -0.069833923 | V92: Stock | W92: Health Care | X92: 175752.73 | Y92: 45044 | Z92: Patrick Neuwirth
A93: ROP | B93: =HYPERLINK("https://www.suredividend.com/sure-analysis-ROP/","Roper Technologies Inc") -> 0 | C93: Hold | D93: 453 | E93: 460.81 | F93: 405 | G93: 1.1378025 | H93: 0.0059243506 | I93: -0.025489269 | J93: 0.1 | K93: 0.077924136 | L93: A | M93: C | N93: 28.445062 | O93: 16.2 | P93: 2.73 | Q93: 0.16851852 | R93: 30 | S93: 0.10016546 | T93: 2023-04-05 | U93: 0.13737813 | V93: Stock | W93: Industrials | X93: 49118.767 | Y93: 45044 | Z93: Nikos Sismanis
A94: RE | B94: =HYPERLINK("https://www.suredividend.com/sure-analysis-RE/","Everest Re Group Ltd") -> 0 | C94: Hold | D94: 361 | E94: 345.66 | F94: 440 | G94: 0.78559091 | H94: 0.019093907 | I94: 0.049447483 | J94: 0.01 | K94: 0.075991546 | L94: A | M94: C | N94: 7.8559091 | O94: 44 | P94: 6.6 | Q94: 0.15 | R94: 1 | S94: 0.02996745 | T94: 2023-05-30 | U94: 0.23995981 | V94: Stock | W94: Financials | X94: 13575.874 | Y94: 45071 | Z94: Jonathan Weber
A95: CAT | B95: =HYPERLINK("https://www.suredividend.com/sure-analysis-CAT/","Caterpillar Inc.") -> 0 | C95: Hold | D95: 214 | E95: 234.44 | F95: 239 | G95: 0.9809205 | H95: 0.022180515 | I95: 0.0038602035 | J95: 0.05 | K95: 0.074864209 | L95: A | M95: B | N95: 14.698433 | O95: 15.95 | P95: 5.2 | Q95: 0.32601881 | R95: 30 | S95: 0.062764783 | T95: 2023-04-21 | U95: 0.29431257 | V95: Stock | W95: Industrials | X95: 120819.98 | Y95: 45044 | Z95: Nikos Sismanis
A96: GGG | B96: =HYPERLINK("https://www.suredividend.com/sure-analysis-GGG/","Graco Inc.") -> 0 | C96: Hold | D96: 79 | E96: 83.55 | F96: 77 | G96: 1.0850649 | H96: 0.011250748 | I96: -0.016195388 | J96: 0.08 | K96: 0.074091088 | L96: A | M96: C | N96: 28.322034 | O96: 2.95 | P96: 0.94 | Q96: 0.31864407 | R96: 26 | S96: 0.099435659 | T96: 2023-04-14 | U96: 0.38807897 | V96: Stock | W96: Industrials | X96: 14064.808 | Y96: 45046 | Z96: Patrick Neuwirth
A97: FFMR | B97: =HYPERLINK("https://www.suredividend.com/sure-analysis-FFMR/","First Farmers Financial Corp") -> 0 | C97: Hold | D97: 64 | E97: 61.5 | F97: 60 | G97: 1.025 | H97: 0.029918699 | I97: -0.0049263481 | J97: 0.05 | K97: 0.074038435 | L97: A | M97: A | N97: 10.25 | O97: 6 | P97: 1.84 | Q97: 0.30666667 | R97: 32 | S97: 0.069942347 | T97: 2023-03-30 | U97: 0.033344617 | V97: Stock | W97: Financials | X97: 429.75 | Y97: 45061 | Z97: Josh Arnold
A98: CBSH | B98: =HYPERLINK("https://www.suredividend.com/sure-analysis-CBSH/","Commerce Bancshares, Inc.") -> 0 | C98: Hold | D98: 49 | E98: 45.69 | F98: 46 | G98: 0.99326087 | H98: 0.023637557 | I98: 0.0013533031 | J98: 0.05 | K98: 0.07362479 | L98: A | M98: B | N98: 12.023684 | O98: 3.8 | P98: 1.08 | Q98: 0.28421053 | R98: 54 | S98: 0.060690916 | T98: 2023-06-02 | U98: -0.29599275 | V98: Stock | W98: Financials | X98: 5698.3553 | Y98: 45064 | Z98: Jonathan Weber
A99: CNI | B99: =HYPERLINK("https://www.suredividend.com/sure-analysis-CNI/","Canadian National Railway Co.") -> 0 | C99: Hold | D99: 119 | E99: 117.76 | F99: 109 | G99: 1.080367 | H99: 0.020040761 | I99: -0.01534126 | J99: 0.07 | K99: 0.072880743 | L99: A | M99: B | N99: 19.400329 | O99: 6.07 | P99: 2.36 | Q99: 0.38879736 | R99: 28 | S99: 0.069998572 | T99: 2023-06-08 | U99: 0.054949465 | V99: Stock | W99: Industrials | X99: 77952.007 | Y99: 45042 | Z99: Nathan Parsh
A100: SPGI | B100: =HYPERLINK("https://www.suredividend.com/sure-analysis-SPGI/","S&P Global Inc") -> 0 | C100: Hold | D100: 354 | E100: 390.36 | F100: 326 | G100: 1.1974233 | H100: 0.0092222564 | I100: -0.035392891 | J100: 0.1 | K100: 0.071220358 | L100: A | M100: C | N100: 31.104382 | O100: 12.55 | P100: 3.6 | Q100: 0.28685259 | R100: 50 | S100: 0.11984355 | T100: 2023-05-25 | U100: 0.15102296 | V100: Stock | W100: Financials | X100: 129989.88 | Y100: 45054 | Z100: Josh Arnold
...

Sheet Portfolio Tracker
A1: Ticker | B1: Shares | C1: Sector | D1: Percent of Portfolio | E1: Price | F1: Market Value | G1: Dividend Yield | H1: Annual Dividends | I1: Earnings-per-share | J1: P/E Ratio | K1: Payout Ratio | L1: Payment Month Group | M1: Dividend Risk Score | N1: Weighted Averaged Expected Total Return | O1: Valuation Return | P1: Growth Return | Q1: Expected Total Return | S1: Portfolio Summary
C2: =IFERROR(VLOOKUP(A2,'Detailed Dashboard'!$A:$AD,23,FALSE),"-") -> 0 | D2: =IFERROR(F2/SUM($F$2:$F$301),"-") -> 0 | E2: =IFERROR(VLOOKUP(A2,'Detailed Dashboard'!$A:$AD,5,FALSE),"-") -> 0 | F2: =IFERROR(E2*B2,0) -> 0 | G2: =IFERROR(VLOOKUP(A2,'Detailed Dashboard'!$A:$AD,8,FALSE),"-") -> 0 | H2: =IFERROR(E2*B2*G2,"-") -> 0 | I2: =IFERROR(VLOOKUP(A2,'Detailed Dashboard'!$A:$AD,15,FALSE),"-") -> 0 | J2: =IFERROR(VLOOKUP(A2,'Detailed Dashboard'!$A:$AD,14,FALSE),"-") -> 0 | K2: =IFERROR(VLOOKUP(A2,'Detailed Dashboard'!$A:$AD,17,FALSE),"-") -> 0 | L2: =IFERROR(IF(VLOOKUP(A2,'Payment Dates'!$A:$B,2,FALSE)="monthly",4, MOD(MONTH(VLOOKUP(A2,'Payment Dates'!$A:$B,2,FALSE)),3)), "-") -> 0 | M2: =IFERROR(VLOOKUP(A2,'Detailed Dashboard'!$A:$AD,12,FALSE),"-") -> 0 | N2: =IFERROR(P2*D2, "-") -> 0 | O2: =IFERROR(VLOOKUP(A2,'Detailed Dashboard'!$A:$AD,9,FALSE),"-") -> 0 | P2: =IFERROR(VLOOKUP(A2,'Detailed Dashboard'!$A:$AD,10,FALSE),"-") -> 0 | Q2: =IFERROR(VLOOKUP(A2,'Detailed Dashboard'!$A:$AD,11,FALSE),"-") -> 0 | S2: Annual Dividend Income | T2: =SUM($H:$H) -> 0
C3: =IFERROR(VLOOKUP(A3,'Detailed Dashboard'!$A:$AD,23,FALSE),"-") -> 0 | D3: =IFERROR(F3/SUM($F$2:$F$301),"-") -> 0 | E3: =IFERROR(VLOOKUP(A3,'Detailed Dashboard'!$A:$AD,5,FALSE),"-") -> 0 | F3: =IFERROR(E3*B3,0) -> 0 | G3: =IFERROR(VLOOKUP(A3,'Detailed Dashboard'!$A:$AD,8,FALSE),"-") -> 0 | H3: =IFERROR(E3*B3*G3,"-") -> 0 | I3: =IFERROR(VLOOKUP(A3,'Detailed Dashboard'!$A:$AD,15,FALSE),"-") -> 0 | J3: =IFERROR(VLOOKUP(A3,'Detailed Dashboard'!$A:$AD,14,FALSE),"-") -> 0 | K3: =IFERROR(VLOOKUP(A3,'Detailed Dashboard'!$A:$AD,17,FALSE),"-") -> 0 | L3: =IFERROR(IF(VLOOKUP(A3,'Payment Dates'!$A:$B,2,FALSE)="monthly",4, MOD(MONTH(VLOOKUP(A3,'Payment Dates'!$A:$B,2,FALSE)),3)), "-") -> 0 | M3: =IFERROR(VLOOKUP(A3,'Detailed Dashboard'!$A:$AD,12,FALSE),"-") -> 0 | N3: =IFERROR(P3*D3, "-") -> 0 | O3: =IFERROR(VLOOKUP(A3,'Detailed Dashboard'!$A:$AD,9,FALSE),"-") -> 0 | P3: =IFERROR(VLOOKUP(A3,'Detailed Dashboard'!$A:$AD,10,FALSE),"-") -> 0 | Q3: =IFERROR(VLOOKUP(A3,'Detailed Dashboard'!$A:$AD,11,FALSE),"-") -> 0 | S3: Estimated Earnings | T3: =SUMPRODUCT($B:$B, $I:$I) -> 0
C4: =IFERROR(VLOOKUP(A4,'Detailed Dashboard'!$A:$AD,23,FALSE),"-") -> 0 | D4: =IFERROR(F4/SUM($F$2:$F$301),"-") -> 0 | E4: =IFERROR(VLOOKUP(A4,'Detailed Dashboard'!$A:$AD,5,FALSE),"-") -> 0 | F4: =IFERROR(E4*B4,0) -> 0 | G4: =IFERROR(VLOOKUP(A4,'Detailed Dashboard'!$A:$AD,8,FALSE),"-") -> 0 | H4: =IFERROR(E4*B4*G4,"-") -> 0 | I4: =IFERROR(VLOOKUP(A4,'Detailed Dashboard'!$A:$AD,15,FALSE),"-") -> 0 | J4: =IFERROR(VLOOKUP(A4,'Detailed Dashboard'!$A:$AD,14,FALSE),"-") -> 0 | K4: =IFERROR(VLOOKUP(A4,'Detailed Dashboard'!$A:$AD,17,FALSE),"-") -> 0 | L4: =IFERROR(IF(VLOOKUP(A4,'Payment Dates'!$A:$B,2,FALSE)="monthly",4, MOD(MONTH(VLOOKUP(A4,'Payment Dates'!$A:$B,2,FALSE)),3)), "-") -> 0 | M4: =IFERROR(VLOOKUP(A4,'Detailed Dashboard'!$A:$AD,12,FALSE),"-") -> 0 | N4: =IFERROR(P4*D4, "-") -> 0 | O4: =IFERROR(VLOOKUP(A4,'Detailed Dashboard'!$A:$AD,9,FALSE),"-") -> 0 | P4: =IFERROR(VLOOKUP(A4,'Detailed Dashboard'!$A:$AD,10,FALSE),"-") -> 0 | Q4: =IFERROR(VLOOKUP(A4,'Detailed Dashboard'!$A:$AD,11,FALSE),"-") -> 0 | S4: Market Value | T4: =SUM($F:$F) -> 0
C5: =IFERROR(VLOOKUP(A5,'Detailed Dashboard'!$A:$AD,23,FALSE),"-") -> 0 | D5: =IFERROR(F5/SUM($F$2:$F$301),"-") -> 0 | E5: =IFERROR(VLOOKUP(A5,'Detailed Dashboard'!$A:$AD,5,FALSE),"-") -> 0 | F5: =IFERROR(E5*B5,0) -> 0 | G5: =IFERROR(VLOOKUP(A5,'Detailed Dashboard'!$A:$AD,8,FALSE),"-") -> 0 | H5: =IFERROR(E5*B5*G5,"-") -> 0 | I5: =IFERROR(VLOOKUP(A5,'Detailed Dashboard'!$A:$AD,15,FALSE),"-") -> 0 | J5: =IFERROR(VLOOKUP(A5,'Detailed Dashboard'!$A:$AD,14,FALSE),"-") -> 0 | K5: =IFERROR(VLOOKUP(A5,'Detailed Dashboard'!$A:$AD,17,FALSE),"-") -> 0 | L5: =IFERROR(IF(VLOOKUP(A5,'Payment Dates'!$A:$B,2,FALSE)="monthly",4, MOD(MONTH(VLOOKUP(A5,'Payment Dates'!$A:$B,2,FALSE)),3)), "-") -> 0 | M5: =IFERROR(VLOOKUP(A5,'Detailed Dashboard'!$A:$AD,12,FALSE),"-") -> 0 | N5: =IFERROR(P5*D5, "-") -> 0 | O5: =IFERROR(VLOOKUP(A5,'Detailed Dashboard'!$A:$AD,9,FALSE),"-") -> 0 | P5: =IFERROR(VLOOKUP(A5,'Detailed Dashboard'!$A:$AD,10,FALSE),"-") -> 0 | Q5: =IFERROR(VLOOKUP(A5,'Detailed Dashboard'!$A:$AD,11,FALSE),"-") -> 0 | S5: Dividend Yield | T5: =SUM($H:$H)/SUM($F:$F) -> 0
C6: =IFERROR(VLOOKUP(A6,'Detailed Dashboard'!$A:$AD,23,FALSE),"-") -> 0 | D6: =IFERROR(F6/SUM($F$2:$F$301),"-") -> 0 | E6: =IFERROR(VLOOKUP(A6,'Detailed Dashboard'!$A:$AD,5,FALSE),"-") -> 0 | F6: =IFERROR(E6*B6,0) -> 0 | G6: =IFERROR(VLOOKUP(A6,'Detailed Dashboard'!$A:$AD,8,FALSE),"-") -> 0 | H6: =IFERROR(E6*B6*G6,"-") -> 0 | I6: =IFERROR(VLOOKUP(A6,'Detailed Dashboard'!$A:$AD,15,FALSE),"-") -> 0 | J6: =IFERROR(VLOOKUP(A6,'Detailed Dashboard'!$A:$AD,14,FALSE),"-") -> 0 | K6: =IFERROR(VLOOKUP(A6,'Detailed Dashboard'!$A:$AD,17,FALSE),"-") -> 0 | L6: =IFERROR(IF(VLOOKUP(A6,'Payment Dates'!$A:$B,2,FALSE)="monthly",4, MOD(MONTH(VLOOKUP(A6,'Payment Dates'!$A:$B,2,FALSE)),3)), "-") -> 0 | M6: =IFERROR(VLOOKUP(A6,'Detailed Dashboard'!$A:$AD,12,FALSE),"-") -> 0 | N6: =IFERROR(P6*D6, "-") -> 0 | O6: =IFERROR(VLOOKUP(A6,'Detailed Dashboard'!$A:$AD,9,FALSE),"-") -> 0 | P6: =IFERROR(VLOOKUP(A6,'Detailed Dashboard'!$A:$AD,10,FALSE),"-") -> 0 | Q6: =IFERROR(VLOOKUP(A6,'Detailed Dashboard'!$A:$AD,11,FALSE),"-") -> 0 | S6: Payout Ratio | T6: =SUM($H:$H)/SUMPRODUCT($B:$B, $I:$I) -> 0
C7: =IFERROR(VLOOKUP(A7,'Detailed Dashboard'!$A:$AD,23,FALSE),"-") -> 0 | D7: =IFERROR(F7/SUM($F$2:$F$301),"-") -> 0 | E7: =IFERROR(VLOOKUP(A7,'Detailed Dashboard'!$A:$AD,5,FALSE),"-") -> 0 | F7: =IFERROR(E7*B7,0) -> 0 | G7: =IFERROR(VLOOKUP(A7,'Detailed Dashboard'!$A:$AD,8,FALSE),"-") -> 0 | H7: =IFERROR(E7*B7*G7,"-") -> 0 | I7: =IFERROR(VLOOKUP(A7,'Detailed Dashboard'!$A:$AD,15,FALSE),"-") -> 0 | J7: =IFERROR(VLOOKUP(A7,'Detailed Dashboard'!$A:$AD,14,FALSE),"-") -> 0 | K7: =IFERROR(VLOOKUP(A7,'Detailed Dashboard'!$A:$AD,17,FALSE),"-") -> 0 | L7: =IFERROR(IF(VLOOKUP(A7,'Payment Dates'!$A:$B,2,FALSE)="monthly",4, MOD(MONTH(VLOOKUP(A7,'Payment Dates'!$A:$B,2,FALSE)),3)), "-") -> 0 | M7: =IFERROR(VLOOKUP(A7,'Detailed Dashboard'!$A:$AD,12,FALSE),"-") -> 0 | N7: =IFERROR(P7*D7, "-") -> 0 | O7: =IFERROR(VLOOKUP(A7,'Detailed Dashboard'!$A:$AD,9,FALSE),"-") -> 0 | P7: =IFERROR(VLOOKUP(A7,'Detailed Dashboard'!$A:$AD,10,FALSE),"-") -> 0 | Q7: =IFERROR(VLOOKUP(A7,'Detailed Dashboard'!$A:$AD,11,FALSE),"-") -> 0 | S7: P/E Ratio | T7: =SUM($F:$F)/SUMPRODUCT($B:$B, $I:$I) -> 0
C8: =IFERROR(VLOOKUP(A8,'Detailed Dashboard'!$A:$AD,23,FALSE),"-") -> 0 | D8: =IFERROR(F8/SUM($F$2:$F$301),"-") -> 0 | E8: =IFERROR(VLOOKUP(A8,'Detailed Dashboard'!$A:$AD,5,FALSE),"-") -> 0 | F8: =IFERROR(E8*B8,0) -> 0 | G8: =IFERROR(VLOOKUP(A8,'Detailed Dashboard'!$A:$AD,8,FALSE),"-") -> 0 | H8: =IFERROR(E8*B8*G8,"-") -> 0 | I8: =IFERROR(VLOOKUP(A8,'Detailed Dashboard'!$A:$AD,15,FALSE),"-") -> 0 | J8: =IFERROR(VLOOKUP(A8,'Detailed Dashboard'!$A:$AD,14,FALSE),"-") -> 0 | K8: =IFERROR(VLOOKUP(A8,'Detailed Dashboard'!$A:$AD,17,FALSE),"-") -> 0 | L8: =IFERROR(IF(VLOOKUP(A8,'Payment Dates'!$A:$B,2,FALSE)="monthly",4, MOD(MONTH(VLOOKUP(A8,'Payment Dates'!$A:$B,2,FALSE)),3)), "-") -> 0 | M8: =IFERROR(VLOOKUP(A8,'Detailed Dashboard'!$A:$AD,12,FALSE),"-") -> 0 | N8: =IFERROR(P8*D8, "-") -> 0 | O8: =IFERROR(VLOOKUP(A8,'Detailed Dashboard'!$A:$AD,9,FALSE),"-") -> 0 | P8: =IFERROR(VLOOKUP(A8,'Detailed Dashboard'!$A:$AD,10,FALSE),"-") -> 0 | Q8: =IFERROR(VLOOKUP(A8,'Detailed Dashboard'!$A:$AD,11,FALSE),"-") -> 0 | S8: Expected Total Return | T8: =SUMPRODUCT($D:$D, $Q:$Q) -> 0
C9: =IFERROR(VLOOKUP(A9,'Detailed Dashboard'!$A:$AD,23,FALSE),"-") -> 0 | D9: =IFERROR(F9/SUM($F$2:$F$301),"-") -> 0 | E9: =IFERROR(VLOOKUP(A9,'Detailed Dashboard'!$A:$AD,5,FALSE),"-") -> 0 | F9: =IFERROR(E9*B9,0) -> 0 | G9: =IFERROR(VLOOKUP(A9,'Detailed Dashboard'!$A:$AD,8,FALSE),"-") -> 0 | H9: =IFERROR(E9*B9*G9,"-") -> 0 | I9: =IFERROR(VLOOKUP(A9,'Detailed Dashboard'!$A:$AD,15,FALSE),"-") -> 0 | J9: =IFERROR(VLOOKUP(A9,'Detailed Dashboard'!$A:$AD,14,FALSE),"-") -> 0 | K9: =IFERROR(VLOOKUP(A9,'Detailed Dashboard'!$A:$AD,17,FALSE),"-") -> 0 | L9: =IFERROR(IF(VLOOKUP(A9,'Payment Dates'!$A:$B,2,FALSE)="monthly",4, MOD(MONTH(VLOOKUP(A9,'Payment Dates'!$A:$B,2,FALSE)),3)), "-") -> 0 | M9: =IFERROR(VLOOKUP(A9,'Detailed Dashboard'!$A:$AD,12,FALSE),"-") -> 0 | N9: =IFERROR(P9*D9, "-") -> 0 | O9: =IFERROR(VLOOKUP(A9,'Detailed Dashboard'!$A:$AD,9,FALSE),"-") -> 0 | P9: =IFERROR(VLOOKUP(A9,'Detailed Dashboard'!$A:$AD,10,FALSE),"-") -> 0 | Q9: =IFERROR(VLOOKUP(A9,'Detailed Dashboard'!$A:$AD,11,FALSE),"-") -> 0
C10: =IFERROR(VLOOKUP(A10,'Detailed Dashboard'!$A:$AD,23,FALSE),"-") -> 0 | D10: =IFERROR(F10/SUM($F$2:$F$301),"-") -> 0 | E10: =IFERROR(VLOOKUP(A10,'Detailed Dashboard'!$A:$AD,5,FALSE),"-") -> 0 | F10: =IFERROR(E10*B10,0) -> 0 | G10: =IFERROR(VLOOKUP(A10,'Detailed Dashboard'!$A:$AD,8,FALSE),"-") -> 0 | H10: =IFERROR(E10*B10*G10,"-") -> 0 | I10: =IFERROR(VLOOKUP(A10,'Detailed Dashboard'!$A:$AD,15,FALSE),"-") -> 0 | J10: =IFERROR(VLOOKUP(A10,'Detailed Dashboard'!$A:$AD,14,FALSE),"-") -> 0 | K10: =IFERROR(VLOOKUP(A10,'Detailed Dashboard'!$A:$AD,17,FALSE),"-") -> 0 | L10: =IFERROR(IF(VLOOKUP(A10,'Payment Dates'!$A:$B,2,FALSE)="monthly",4, MOD(MONTH(VLOOKUP(A10,'Payment Dates'!$A:$B,2,FALSE)),3)), "-") -> 0 | M10: =IFERROR(VLOOKUP(A10,'Detailed Dashboard'!$A:$AD,12,FALSE),"-") -> 0 | N10: =IFERROR(P10*D10, "-") -> 0 | O10: =IFERROR(VLOOKUP(A10,'Detailed Dashboard'!$A:$AD,9,FALSE),"-") -> 0 | P10: =IFERROR(VLOOKUP(A10,'Detailed Dashboard'!$A:$AD,10,FALSE),"-") -> 0 | Q10: =IFERROR(VLOOKUP(A10,'Detailed Dashboard'!$A:$AD,11,FALSE),"-") -> 0 | S10: Dividend Income by Month
C11: =IFERROR(VLOOKUP(A11,'Detailed Dashboard'!$A:$AD,23,FALSE),"-") -> 0 | D11: =IFERROR(F11/SUM($F$2:$F$301),"-") -> 0 | E11: =IFERROR(VLOOKUP(A11,'Detailed Dashboard'!$A:$AD,5,FALSE),"-") -> 0 | F11: =IFERROR(E11*B11,0) -> 0 | G11: =IFERROR(VLOOKUP(A11,'Detailed Dashboard'!$A:$AD,8,FALSE),"-") -> 0 | H11: =IFERROR(E11*B11*G11,"-") -> 0 | I11: =IFERROR(VLOOKUP(A11,'Detailed Dashboard'!$A:$AD,15,FALSE),"-") -> 0 | J11: =IFERROR(VLOOKUP(A11,'Detailed Dashboard'!$A:$AD,14,FALSE),"-") -> 0 | K11: =IFERROR(VLOOKUP(A11,'Detailed Dashboard'!$A:$AD,17,FALSE),"-") -> 0 | L11: =IFERROR(IF(VLOOKUP(A11,'Payment Dates'!$A:$B,2,FALSE)="monthly",4, MOD(MONTH(VLOOKUP(A11,'Payment Dates'!$A:$B,2,FALSE)),3)), "-") -> 0 | M11: =IFERROR(VLOOKUP(A11,'Detailed Dashboard'!$A:$AD,12,FALSE),"-") -> 0 | N11: =IFERROR(P11*D11, "-") -> 0 | O11: =IFERROR(VLOOKUP(A11,'Detailed Dashboard'!$A:$AD,9,FALSE),"-") -> 0 | P11: =IFERROR(VLOOKUP(A11,'Detailed Dashboard'!$A:$AD,10,FALSE),"-") -> 0 | Q11: =IFERROR(VLOOKUP(A11,'Detailed Dashboard'!$A:$AD,11,FALSE),"-") -> 0 | S11: January | T11: =SUMIF($L$2:$L$300,"=1",$H$2:$H$300)/4 + SUMIF($L$2:$L$300,"=4",$H$2:$H$300)/12 -> 0
C12: =IFERROR(VLOOKUP(A12,'Detailed Dashboard'!$A:$AD,23,FALSE),"-") -> 0 | D12: =IFERROR(F12/SUM($F$2:$F$301),"-") -> 0 | E12: =IFERROR(VLOOKUP(A12,'Detailed Dashboard'!$A:$AD,5,FALSE),"-") -> 0 | F12: =IFERROR(E12*B12,0) -> 0 | G12: =IFERROR(VLOOKUP(A12,'Detailed Dashboard'!$A:$AD,8,FALSE),"-") -> 0 | H12: =IFERROR(E12*B12*G12,"-") -> 0 | I12: =IFERROR(VLOOKUP(A12,'Detailed Dashboard'!$A:$AD,15,FALSE),"-") -> 0 | J12: =IFERROR(VLOOKUP(A12,'Detailed Dashboard'!$A:$AD,14,FALSE),"-") -> 0 | K12: =IFERROR(VLOOKUP(A12,'Detailed Dashboard'!$A:$AD,17,FALSE),"-") -> 0 | L12: =IFERROR(IF(VLOOKUP(A12,'Payment Dates'!$A:$B,2,FALSE)="monthly",4, MOD(MONTH(VLOOKUP(A12,'Payment Dates'!$A:$B,2,FALSE)),3)), "-") -> 0 | M12: =IFERROR(VLOOKUP(A12,'Detailed Dashboard'!$A:$AD,12,FALSE),"-") -> 0 | N12: =IFERROR(P12*D12, "-") -> 0 | O12: =IFERROR(VLOOKUP(A12,'Detailed Dashboard'!$A:$AD,9,FALSE),"-") -> 0 | P12: =IFERROR(VLOOKUP(A12,'Detailed Dashboard'!$A:$AD,10,FALSE),"-") -> 0 | Q12: =IFERROR(VLOOKUP(A12,'Detailed Dashboard'!$A:$AD,11,FALSE),"-") -> 0 | S12: February | T12: =SUMIF($L$2:$L$300,"=2",$H$2:$H$300)/4 + SUMIF($L$2:$L$300,"=4",$H$2:$H$300)/12 -> 0
C13: =IFERROR(VLOOKUP(A13,'Detailed Dashboard'!$A:$AD,23,FALSE),"-") -> 0 | D13: =IFERROR(F13/SUM($F$2:$F$301),"-") -> 0 | E13: =IFERROR(VLOOKUP(A13,'Detailed Dashboard'!$A:$AD,5,FALSE),"-") -> 0 | F13: =IFERROR(E13*B13,0) -> 0 | G13: =IFERROR(VLOOKUP(A13,'Detailed Dashboard'!$A:$AD,8,FALSE),"-") -> 0 | H13: =IFERROR(E13*B13*G13,"-") -> 0 | I13: =IFERROR(VLOOKUP(A13,'Detailed Dashboard'!$A:$AD,15,FALSE),"-") -> 0 | J13: =IFERROR(VLOOKUP(A13,'Detailed Dashboard'!$A:$AD,14,FALSE),"-") -> 0 | K13: =IFERROR(VLOOKUP(A13,'Detailed Dashboard'!$A:$AD,17,FALSE),"-") -> 0 | L13: =IFERROR(IF(VLOOKUP(A13,'Payment Dates'!$A:$B,2,FALSE)="monthly",4, MOD(MONTH(VLOOKUP(A13,'Payment Dates'!$A:$B,2,FALSE)),3)), "-") -> 0 | M13: =IFERROR(VLOOKUP(A13,'Detailed Dashboard'!$A:$AD,12,FALSE),"-") -> 0 | N13: =IFERROR(P13*D13, "-") -> 0 | O13: =IFERROR(VLOOKUP(A13,'Detailed Dashboard'!$A:$AD,9,FALSE),"-") -> 0 | P13: =IFERROR(VLOOKUP(A13,'Detailed Dashboard'!$A:$AD,10,FALSE),"-") -> 0 | Q13: =IFERROR(VLOOKUP(A13,'Detailed Dashboard'!$A:$AD,11,FALSE),"-") -> 0 | S13: March | T13: =SUMIF($L$2:$L$300,"=0",$H$2:$H$300)/4 + SUMIF($L$2:$L$300,"=4",$H$2:$H$300)/12 -> 0
C14: =IFERROR(VLOOKUP(A14,'Detailed Dashboard'!$A:$AD,23,FALSE),"-") -> 0 | D14: =IFERROR(F14/SUM($F$2:$F$301),"-") -> 0 | E14: =IFERROR(VLOOKUP(A14,'Detailed Dashboard'!$A:$AD,5,FALSE),"-") -> 0 | F14: =IFERROR(E14*B14,0) -> 0 | G14: =IFERROR(VLOOKUP(A14,'Detailed Dashboard'!$A:$AD,8,FALSE),"-") -> 0 | H14: =IFERROR(E14*B14*G14,"-") -> 0 | I14: =IFERROR(VLOOKUP(A14,'Detailed Dashboard'!$A:$AD,15,FALSE),"-") -> 0 | J14: =IFERROR(VLOOKUP(A14,'Detailed Dashboard'!$A:$AD,14,FALSE),"-") -> 0 | K14: =IFERROR(VLOOKUP(A14,'Detailed Dashboard'!$A:$AD,17,FALSE),"-") -> 0 | L14: =IFERROR(IF(VLOOKUP(A14,'Payment Dates'!$A:$B,2,FALSE)="monthly",4, MOD(MONTH(VLOOKUP(A14,'Payment Dates'!$A:$B,2,FALSE)),3)), "-") -> 0 | M14: =IFERROR(VLOOKUP(A14,'Detailed Dashboard'!$A:$AD,12,FALSE),"-") -> 0 | N14: =IFERROR(P14*D14, "-") -> 0 | O14: =IFERROR(VLOOKUP(A14,'Detailed Dashboard'!$A:$AD,9,FALSE),"-") -> 0 | P14: =IFERROR(VLOOKUP(A14,'Detailed Dashboard'!$A:$AD,10,FALSE),"-") -> 0 | Q14: =IFERROR(VLOOKUP(A14,'Detailed Dashboard'!$A:$AD,11,FALSE),"-") -> 0 | S14: April | T14: =SUMIF($L$2:$L$300,"=1",$H$2:$H$300)/4 + SUMIF($L$2:$L$300,"=4",$H$2:$H$300)/12 -> 0
C15: =IFERROR(VLOOKUP(A15,'Detailed Dashboard'!$A:$AD,23,FALSE),"-") -> 0 | D15: =IFERROR(F15/SUM($F$2:$F$301),"-") -> 0 | E15: =IFERROR(VLOOKUP(A15,'Detailed Dashboard'!$A:$AD,5,FALSE),"-") -> 0 | F15: =IFERROR(E15*B15,0) -> 0 | G15: =IFERROR(VLOOKUP(A15,'Detailed Dashboard'!$A:$AD,8,FALSE),"-") -> 0 | H15: =IFERROR(E15*B15*G15,"-") -> 0 | I15: =IFERROR(VLOOKUP(A15,'Detailed Dashboard'!$A:$AD,15,FALSE),"-") -> 0 | J15: =IFERROR(VLOOKUP(A15,'Detailed Dashboard'!$A:$AD,14,FALSE),"-") -> 0 | K15: =IFERROR(VLOOKUP(A15,'Detailed Dashboard'!$A:$AD,17,FALSE),"-") -> 0 | L15: =IFERROR(IF(VLOOKUP(A15,'Payment Dates'!$A:$B,2,FALSE)="monthly",4, MOD(MONTH(VLOOKUP(A15,'Payment Dates'!$A:$B,2,FALSE)),3)), "-") -> 0 | M15: =IFERROR(VLOOKUP(A15,'Detailed Dashboard'!$A:$AD,12,FALSE),"-") -> 0 | N15: =IFERROR(P15*D15, "-") -> 0 | O15: =IFERROR(VLOOKUP(A15,'Detailed Dashboard'!$A:$AD,9,FALSE),"-") -> 0 | P15: =IFERROR(VLOOKUP(A15,'Detailed Dashboard'!$A:$AD,10,FALSE),"-") -> 0 | Q15: =IFERROR(VLOOKUP(A15,'Detailed Dashboard'!$A:$AD,11,FALSE),"-") -> 0 | S15: May | T15: =SUMIF($L$2:$L$300,"=2",$H$2:$H$300)/4 + SUMIF($L$2:$L$300,"=4",$H$2:$H$300)/12 -> 0
C16: =IFERROR(VLOOKUP(A16,'Detailed Dashboard'!$A:$AD,23,FALSE),"-") -> 0 | D16: =IFERROR(F16/SUM($F$2:$F$301),"-") -> 0 | E16: =IFERROR(VLOOKUP(A16,'Detailed Dashboard'!$A:$AD,5,FALSE),"-") -> 0 | F16: =IFERROR(E16*B16,0) -> 0 | G16: =IFERROR(VLOOKUP(A16,'Detailed Dashboard'!$A:$AD,8,FALSE),"-") -> 0 | H16: =IFERROR(E16*B16*G16,"-") -> 0 | I16: =IFERROR(VLOOKUP(A16,'Detailed Dashboard'!$A:$AD,15,FALSE),"-") -> 0 | J16: =IFERROR(VLOOKUP(A16,'Detailed Dashboard'!$A:$AD,14,FALSE),"-") -> 0 | K16: =IFERROR(VLOOKUP(A16,'Detailed Dashboard'!$A:$AD,17,FALSE),"-") -> 0 | L16: =IFERROR(IF(VLOOKUP(A16,'Payment Dates'!$A:$B,2,FALSE)="monthly",4, MOD(MONTH(VLOOKUP(A16,'Payment Dates'!$A:$B,2,FALSE)),3)), "-") -> 0 | M16: =IFERROR(VLOOKUP(A16,'Detailed Dashboard'!$A:$AD,12,FALSE),"-") -> 0 | N16: =IFERROR(P16*D16, "-") -> 0 | O16: =IFERROR(VLOOKUP(A16,'Detailed Dashboard'!$A:$AD,9,FALSE),"-") -> 0 | P16: =IFERROR(VLOOKUP(A16,'Detailed Dashboard'!$A:$AD,10,FALSE),"-") -> 0 | Q16: =IFERROR(VLOOKUP(A16,'Detailed Dashboard'!$A:$AD,11,FALSE),"-") -> 0 | S16: June | T16: =SUMIF($L$2:$L$300,"=0",$H$2:$H$300)/4 + SUMIF($L$2:$L$300,"=4",$H$2:$H$300)/12 -> 0
C17: =IFERROR(VLOOKUP(A17,'Detailed Dashboard'!$A:$AD,23,FALSE),"-") -> 0 | D17: =IFERROR(F17/SUM($F$2:$F$301),"-") -> 0 | E17: =IFERROR(VLOOKUP(A17,'Detailed Dashboard'!$A:$AD,5,FALSE),"-") -> 0 | F17: =IFERROR(E17*B17,0) -> 0 | G17: =IFERROR(VLOOKUP(A17,'Detailed Dashboard'!$A:$AD,8,FALSE),"-") -> 0 | H17: =IFERROR(E17*B17*G17,"-") -> 0 | I17: =IFERROR(VLOOKUP(A17,'Detailed Dashboard'!$A:$AD,15,FALSE),"-") -> 0 | J17: =IFERROR(VLOOKUP(A17,'Detailed Dashboard'!$A:$AD,14,FALSE),"-") -> 0 | K17: =IFERROR(VLOOKUP(A17,'Detailed Dashboard'!$A:$AD,17,FALSE),"-") -> 0 | L17: =IFERROR(IF(VLOOKUP(A17,'Payment Dates'!$A:$B,2,FALSE)="monthly",4, MOD(MONTH(VLOOKUP(A17,'Payment Dates'!$A:$B,2,FALSE)),3)), "-") -> 0 | M17: =IFERROR(VLOOKUP(A17,'Detailed Dashboard'!$A:$AD,12,FALSE),"-") -> 0 | N17: =IFERROR(P17*D17, "-") -> 0 | O17: =IFERROR(VLOOKUP(A17,'Detailed Dashboard'!$A:$AD,9,FALSE),"-") -> 0 | P17: =IFERROR(VLOOKUP(A17,'Detailed Dashboard'!$A:$AD,10,FALSE),"-") -> 0 | Q17: =IFERROR(VLOOKUP(A17,'Detailed Dashboard'!$A:$AD,11,FALSE),"-") -> 0 | S17: July | T17: =SUMIF($L$2:$L$300,"=1",$H$2:$H$300)/4 + SUMIF($L$2:$L$300,"=4",$H$2:$H$300)/12 -> 0
C18: =IFERROR(VLOOKUP(A18,'Detailed Dashboard'!$A:$AD,23,FALSE),"-") -> 0 | D18: =IFERROR(F18/SUM($F$2:$F$301),"-") -> 0 | E18: =IFERROR(VLOOKUP(A18,'Detailed Dashboard'!$A:$AD,5,FALSE),"-") -> 0 | F18: =IFERROR(E18*B18,0) -> 0 | G18: =IFERROR(VLOOKUP(A18,'Detailed Dashboard'!$A:$AD,8,FALSE),"-") -> 0 | H18: =IFERROR(E18*B18*G18,"-") -> 0 | I18: =IFERROR(VLOOKUP(A18,'Detailed Dashboard'!$A:$AD,15,FALSE),"-") -> 0 | J18: =IFERROR(VLOOKUP(A18,'Detailed Dashboard'!$A:$AD,14,FALSE),"-") -> 0 | K18: =IFERROR(VLOOKUP(A18,'Detailed Dashboard'!$A:$AD,17,FALSE),"-") -> 0 | L18: =IFERROR(IF(VLOOKUP(A18,'Payment Dates'!$A:$B,2,FALSE)="monthly",4, MOD(MONTH(VLOOKUP(A18,'Payment Dates'!$A:$B,2,FALSE)),3)), "-") -> 0 | M18: =IFERROR(VLOOKUP(A18,'Detailed Dashboard'!$A:$AD,12,FALSE),"-") -> 0 | N18: =IFERROR(P18*D18, "-") -> 0 | O18: =IFERROR(VLOOKUP(A18,'Detailed Dashboard'!$A:$AD,9,FALSE),"-") -> 0 | P18: =IFERROR(VLOOKUP(A18,'Detailed Dashboard'!$A:$AD,10,FALSE),"-") -> 0 | Q18: =IFERROR(VLOOKUP(A18,'Detailed Dashboard'!$A:$AD,11,FALSE),"-") -> 0 | S18: August | T18: =SUMIF($L$2:$L$300,"=2",$H$2:$H$300)/4 + SUMIF($L$2:$L$300,"=4",$H$2:$H$300)/12 -> 0
C19: =IFERROR(VLOOKUP(A19,'Detailed Dashboard'!$A:$AD,23,FALSE),"-") -> 0 | D19: =IFERROR(F19/SUM($F$2:$F$301),"-") -> 0 | E19: =IFERROR(VLOOKUP(A19,'Detailed Dashboard'!$A:$AD,5,FALSE),"-") -> 0 | F19: =IFERROR(E19*B19,0) -> 0 | G19: =IFERROR(VLOOKUP(A19,'Detailed Dashboard'!$A:$AD,8,FALSE),"-") -> 0 | H19: =IFERROR(E19*B19*G19,"-") -> 0 | I19: =IFERROR(VLOOKUP(A19,'Detailed Dashboard'!$A:$AD,15,FALSE),"-") -> 0 | J19: =IFERROR(VLOOKUP(A19,'Detailed Dashboard'!$A:$AD,14,FALSE),"-") -> 0 | K19: =IFERROR(VLOOKUP(A19,'Detailed Dashboard'!$A:$AD,17,FALSE),"-") -> 0 | L19: =IFERROR(IF(VLOOKUP(A19,'Payment Dates'!$A:$B,2,FALSE)="monthly",4, MOD(MONTH(VLOOKUP(A19,'Payment Dates'!$A:$B,2,FALSE)),3)), "-") -> 0 | M19: =IFERROR(VLOOKUP(A19,'Detailed Dashboard'!$A:$AD,12,FALSE),"-") -> 0 | N19: =IFERROR(P19*D19, "-") -> 0 | O19: =IFERROR(VLOOKUP(A19,'Detailed Dashboard'!$A:$AD,9,FALSE),"-") -> 0 | P19: =IFERROR(VLOOKUP(A19,'Detailed Dashboard'!$A:$AD,10,FALSE),"-") -> 0 | Q19: =IFERROR(VLOOKUP(A19,'Detailed Dashboard'!$A:$AD,11,FALSE),"-") -> 0 | S19: September | T19: =SUMIF($L$2:$L$300,"=0",$H$2:$H$300)/4 + SUMIF($L$2:$L$300,"=4",$H$2:$H$300)/12 -> 0
C20: =IFERROR(VLOOKUP(A20,'Detailed Dashboard'!$A:$AD,23,FALSE),"-") -> 0 | D20: =IFERROR(F20/SUM($F$2:$F$301),"-") -> 0 | E20: =IFERROR(VLOOKUP(A20,'Detailed Dashboard'!$A:$AD,5,FALSE),"-") -> 0 | F20: =IFERROR(E20*B20,0) -> 0 | G20: =IFERROR(VLOOKUP(A20,'Detailed Dashboard'!$A:$AD,8,FALSE),"-") -> 0 | H20: =IFERROR(E20*B20*G20,"-") -> 0 | I20: =IFERROR(VLOOKUP(A20,'Detailed Dashboard'!$A:$AD,15,FALSE),"-") -> 0 | J20: =IFERROR(VLOOKUP(A20,'Detailed Dashboard'!$A:$AD,14,FALSE),"-") -> 0 | K20: =IFERROR(VLOOKUP(A20,'Detailed Dashboard'!$A:$AD,17,FALSE),"-") -> 0 | L20: =IFERROR(IF(VLOOKUP(A20,'Payment Dates'!$A:$B,2,FALSE)="monthly",4, MOD(MONTH(VLOOKUP(A20,'Payment Dates'!$A:$B,2,FALSE)),3)), "-") -> 0 | M20: =IFERROR(VLOOKUP(A20,'Detailed Dashboard'!$A:$AD,12,FALSE),"-") -> 0 | N20: =IFERROR(P20*D20, "-") -> 0 | O20: =IFERROR(VLOOKUP(A20,'Detailed Dashboard'!$A:$AD,9,FALSE),"-") -> 0 | P20: =IFERROR(VLOOKUP(A20,'Detailed Dashboard'!$A:$AD,10,FALSE),"-") -> 0 | Q20: =IFERROR(VLOOKUP(A20,'Detailed Dashboard'!$A:$AD,11,FALSE),"-") -> 0 | S20: October | T20: =SUMIF($L$2:$L$300,"=1",$H$2:$H$300)/4 + SUMIF($L$2:$L$300,"=4",$H$2:$H$300)/12 -> 0
C21: =IFERROR(VLOOKUP(A21,'Detailed Dashboard'!$A:$AD,23,FALSE),"-") -> 0 | D21: =IFERROR(F21/SUM($F$2:$F$301),"-") -> 0 | E21: =IFERROR(VLOOKUP(A21,'Detailed Dashboard'!$A:$AD,5,FALSE),"-") -> 0 | F21: =IFERROR(E21*B21,0) -> 0 | G21: =IFERROR(VLOOKUP(A21,'Detailed Dashboard'!$A:$AD,8,FALSE),"-") -> 0 | H21: =IFERROR(E21*B21*G21,"-") -> 0 | I21: =IFERROR(VLOOKUP(A21,'Detailed Dashboard'!$A:$AD,15,FALSE),"-") -> 0 | J21: =IFERROR(VLOOKUP(A21,'Detailed Dashboard'!$A:$AD,14,FALSE),"-") -> 0 | K21: =IFERROR(VLOOKUP(A21,'Detailed Dashboard'!$A:$AD,17,FALSE),"-") -> 0 | L21: =IFERROR(IF(VLOOKUP(A21,'Payment Dates'!$A:$B,2,FALSE)="monthly",4, MOD(MONTH(VLOOKUP(A21,'Payment Dates'!$A:$B,2,FALSE)),3)), "-") -> 0 | M21: =IFERROR(VLOOKUP(A21,'Detailed Dashboard'!$A:$AD,12,FALSE),"-") -> 0 | N21: =IFERROR(P21*D21, "-") -> 0 | O21: =IFERROR(VLOOKUP(A21,'Detailed Dashboard'!$A:$AD,9,FALSE),"-") -> 0 | P21: =IFERROR(VLOOKUP(A21,'Detailed Dashboard'!$A:$AD,10,FALSE),"-") -> 0 | Q21: =IFERROR(VLOOKUP(A21,'Detailed Dashboard'!$A:$AD,11,FALSE),"-") -> 0 | S21: November | T21: =SUMIF($L$2:$L$300,"=2",$H$2:$H$300)/4 + SUMIF($L$2:$L$300,"=4",$H$2:$H$300)/12 -> 0
C22: =IFERROR(VLOOKUP(A22,'Detailed Dashboard'!$A:$AD,23,FALSE),"-") -> 0 | D22: =IFERROR(F22/SUM($F$2:$F$301),"-") -> 0 | E22: =IFERROR(VLOOKUP(A22,'Detailed Dashboard'!$A:$AD,5,FALSE),"-") -> 0 | F22: =IFERROR(E22*B22,0) -> 0 | G22: =IFERROR(VLOOKUP(A22,'Detailed Dashboard'!$A:$AD,8,FALSE),"-") -> 0 | H22: =IFERROR(E22*B22*G22,"-") -> 0 | I22: =IFERROR(VLOOKUP(A22,'Detailed Dashboard'!$A:$AD,15,FALSE),"-") -> 0 | J22: =IFERROR(VLOOKUP(A22,'Detailed Dashboard'!$A:$AD,14,FALSE),"-") -> 0 | K22: =IFERROR(VLOOKUP(A22,'Detailed Dashboard'!$A:$AD,17,FALSE),"-") -> 0 | L22: =IFERROR(IF(VLOOKUP(A22,'Payment Dates'!$A:$B,2,FALSE)="monthly",4, MOD(MONTH(VLOOKUP(A22,'Payment Dates'!$A:$B,2,FALSE)),3)), "-") -> 0 | M22: =IFERROR(VLOOKUP(A22,'Detailed Dashboard'!$A:$AD,12,FALSE),"-") -> 0 | N22: =IFERROR(P22*D22, "-") -> 0 | O22: =IFERROR(VLOOKUP(A22,'Detailed Dashboard'!$A:$AD,9,FALSE),"-") -> 0 | P22: =IFERROR(VLOOKUP(A22,'Detailed Dashboard'!$A:$AD,10,FALSE),"-") -> 0 | Q22: =IFERROR(VLOOKUP(A22,'Detailed Dashboard'!$A:$AD,11,FALSE),"-") -> 0 | S22: December | T22: =SUMIF($L$2:$L$300,"=0",$H$2:$H$300)/4 + SUMIF($L$2:$L$300,"=4",$H$2:$H$300)/12 -> 0
C23: =IFERROR(VLOOKUP(A23,'Detailed Dashboard'!$A:$AD,23,FALSE),"-") -> 0 | D23: =IFERROR(F23/SUM($F$2:$F$301),"-") -> 0 | E23: =IFERROR(VLOOKUP(A23,'Detailed Dashboard'!$A:$AD,5,FALSE),"-") -> 0 | F23: =IFERROR(E23*B23,0) -> 0 | G23: =IFERROR(VLOOKUP(A23,'Detailed Dashboard'!$A:$AD,8,FALSE),"-") -> 0 | H23: =IFERROR(E23*B23*G23,"-") -> 0 | I23: =IFERROR(VLOOKUP(A23,'Detailed Dashboard'!$A:$AD,15,FALSE),"-") -> 0 | J23: =IFERROR(VLOOKUP(A23,'Detailed Dashboard'!$A:$AD,14,FALSE),"-") -> 0 | K23: =IFERROR(VLOOKUP(A23,'Detailed Dashboard'!$A:$AD,17,FALSE),"-") -> 0 | L23: =IFERROR(IF(VLOOKUP(A23,'Payment Dates'!$A:$B,2,FALSE)="monthly",4, MOD(MONTH(VLOOKUP(A23,'Payment Dates'!$A:$B,2,FALSE)),3)), "-") -> 0 | M23: =IFERROR(VLOOKUP(A23,'Detailed Dashboard'!$A:$AD,12,FALSE),"-") -> 0 | N23: =IFERROR(P23*D23, "-") -> 0 | O23: =IFERROR(VLOOKUP(A23,'Detailed Dashboard'!$A:$AD,9,FALSE),"-") -> 0 | P23: =IFERROR(VLOOKUP(A23,'Detailed Dashboard'!$A:$AD,10,FALSE),"-") -> 0 | Q23: =IFERROR(VLOOKUP(A23,'Detailed Dashboard'!$A:$AD,11,FALSE),"-") -> 0
C24: =IFERROR(VLOOKUP(A24,'Detailed Dashboard'!$A:$AD,23,FALSE),"-") -> 0 | D24: =IFERROR(F24/SUM($F$2:$F$301),"-") -> 0 | E24: =IFERROR(VLOOKUP(A24,'Detailed Dashboard'!$A:$AD,5,FALSE),"-") -> 0 | F24: =IFERROR(E24*B24,0) -> 0 | G24: =IFERROR(VLOOKUP(A24,'Detailed Dashboard'!$A:$AD,8,FALSE),"-") -> 0 | H24: =IFERROR(E24*B24*G24,"-") -> 0 | I24: =IFERROR(VLOOKUP(A24,'Detailed Dashboard'!$A:$AD,15,FALSE),"-") -> 0 | J24: =IFERROR(VLOOKUP(A24,'Detailed Dashboard'!$A:$AD,14,FALSE),"-") -> 0 | K24: =IFERROR(VLOOKUP(A24,'Detailed Dashboard'!$A:$AD,17,FALSE),"-") -> 0 | L24: =IFERROR(IF(VLOOKUP(A24,'Payment Dates'!$A:$B,2,FALSE)="monthly",4, MOD(MONTH(VLOOKUP(A24,'Payment Dates'!$A:$B,2,FALSE)),3)), "-") -> 0 | M24: =IFERROR(VLOOKUP(A24,'Detailed Dashboard'!$A:$AD,12,FALSE),"-") -> 0 | N24: =IFERROR(P24*D24, "-") -> 0 | O24: =IFERROR(VLOOKUP(A24,'Detailed Dashboard'!$A:$AD,9,FALSE),"-") -> 0 | P24: =IFERROR(VLOOKUP(A24,'Detailed Dashboard'!$A:$AD,10,FALSE),"-") -> 0 | Q24: =IFERROR(VLOOKUP(A24,'Detailed Dashboard'!$A:$AD,11,FALSE),"-") -> 0 | S24: Dividend Income by Sector
C25: =IFERROR(VLOOKUP(A25,'Detailed Dashboard'!$A:$AD,23,FALSE),"-") -> 0 | D25: =IFERROR(F25/SUM($F$2:$F$301),"-") -> 0 | E25: =IFERROR(VLOOKUP(A25,'Detailed Dashboard'!$A:$AD,5,FALSE),"-") -> 0 | F25: =IFERROR(E25*B25,0) -> 0 | G25: =IFERROR(VLOOKUP(A25,'Detailed Dashboard'!$A:$AD,8,FALSE),"-") -> 0 | H25: =IFERROR(E25*B25*G25,"-") -> 0 | I25: =IFERROR(VLOOKUP(A25,'Detailed Dashboard'!$A:$AD,15,FALSE),"-") -> 0 | J25: =IFERROR(VLOOKUP(A25,'Detailed Dashboard'!$A:$AD,14,FALSE),"-") -> 0 | K25: =IFERROR(VLOOKUP(A25,'Detailed Dashboard'!$A:$AD,17,FALSE),"-") -> 0 | L25: =IFERROR(IF(VLOOKUP(A25,'Payment Dates'!$A:$B,2,FALSE)="monthly",4, MOD(MONTH(VLOOKUP(A25,'Payment Dates'!$A:$B,2,FALSE)),3)), "-") -> 0 | M25: =IFERROR(VLOOKUP(A25,'Detailed Dashboard'!$A:$AD,12,FALSE),"-") -> 0 | N25: =IFERROR(P25*D25, "-") -> 0 | O25: =IFERROR(VLOOKUP(A25,'Detailed Dashboard'!$A:$AD,9,FALSE),"-") -> 0 | P25: =IFERROR(VLOOKUP(A25,'Detailed Dashboard'!$A:$AD,10,FALSE),"-") -> 0 | Q25: =IFERROR(VLOOKUP(A25,'Detailed Dashboard'!$A:$AD,11,FALSE),"-") -> 0 | S25: Materials | T25: =SUMIF($C$2:$C$300,"=Materials",$H$2:$H$300) -> 0
C26: =IFERROR(VLOOKUP(A26,'Detailed Dashboard'!$A:$AD,23,FALSE),"-") -> 0 | D26: =IFERROR(F26/SUM($F$2:$F$301),"-") -> 0 | E26: =IFERROR(VLOOKUP(A26,'Detailed Dashboard'!$A:$AD,5,FALSE),"-") -> 0 | F26: =IFERROR(E26*B26,0) -> 0 | G26: =IFERROR(VLOOKUP(A26,'Detailed Dashboard'!$A:$AD,8,FALSE),"-") -> 0 | H26: =IFERROR(E26*B26*G26,"-") -> 0 | I26: =IFERROR(VLOOKUP(A26,'Detailed Dashboard'!$A:$AD,15,FALSE),"-") -> 0 | J26: =IFERROR(VLOOKUP(A26,'Detailed Dashboard'!$A:$AD,14,FALSE),"-") -> 0 | K26: =IFERROR(VLOOKUP(A26,'Detailed Dashboard'!$A:$AD,17,FALSE),"-") -> 0 | L26: =IFERROR(IF(VLOOKUP(A26,'Payment Dates'!$A:$B,2,FALSE)="monthly",4, MOD(MONTH(VLOOKUP(A26,'Payment Dates'!$A:$B,2,FALSE)),3)), "-") -> 0 | M26: =IFERROR(VLOOKUP(A26,'Detailed Dashboard'!$A:$AD,12,FALSE),"-") -> 0 | N26: =IFERROR(P26*D26, "-") -> 0 | O26: =IFERROR(VLOOKUP(A26,'Detailed Dashboard'!$A:$AD,9,FALSE),"-") -> 0 | P26: =IFERROR(VLOOKUP(A26,'Detailed Dashboard'!$A:$AD,10,FALSE),"-") -> 0 | Q26: =IFERROR(VLOOKUP(A26,'Detailed Dashboard'!$A:$AD,11,FALSE),"-") -> 0 | S26: Communication Services | T26: =SUMIF($C$2:$C$300,"=Communication Services",$H$2:$H$300) -> 0
C27: =IFERROR(VLOOKUP(A27,'Detailed Dashboard'!$A:$AD,23,FALSE),"-") -> 0 | D27: =IFERROR(F27/SUM($F$2:$F$301),"-") -> 0 | E27: =IFERROR(VLOOKUP(A27,'Detailed Dashboard'!$A:$AD,5,FALSE),"-") -> 0 | F27: =IFERROR(E27*B27,0) -> 0 | G27: =IFERROR(VLOOKUP(A27,'Detailed Dashboard'!$A:$AD,8,FALSE),"-") -> 0 | H27: =IFERROR(E27*B27*G27,"-") -> 0 | I27: =IFERROR(VLOOKUP(A27,'Detailed Dashboard'!$A:$AD,15,FALSE),"-") -> 0 | J27: =IFERROR(VLOOKUP(A27,'Detailed Dashboard'!$A:$AD,14,FALSE),"-") -> 0 | K27: =IFERROR(VLOOKUP(A27,'Detailed Dashboard'!$A:$AD,17,FALSE),"-") -> 0 | L27: =IFERROR(IF(VLOOKUP(A27,'Payment Dates'!$A:$B,2,FALSE)="monthly",4, MOD(MONTH(VLOOKUP(A27,'Payment Dates'!$A:$B,2,FALSE)),3)), "-") -> 0 | M27: =IFERROR(VLOOKUP(A27,'Detailed Dashboard'!$A:$AD,12,FALSE),"-") -> 0 | N27: =IFERROR(P27*D27, "-") -> 0 | O27: =IFERROR(VLOOKUP(A27,'Detailed Dashboard'!$A:$AD,9,FALSE),"-") -> 0 | P27: =IFERROR(VLOOKUP(A27,'Detailed Dashboard'!$A:$AD,10,FALSE),"-") -> 0 | Q27: =IFERROR(VLOOKUP(A27,'Detailed Dashboard'!$A:$AD,11,FALSE),"-") -> 0 | S27: Consumer Discretionary | T27: =SUMIF($C$2:$C$300,"=Consumer Discretionary",$H$2:$H$300) -> 0
C28: =IFERROR(VLOOKUP(A28,'Detailed Dashboard'!$A:$AD,23,FALSE),"-") -> 0 | D28: =IFERROR(F28/SUM($F$2:$F$301),"-") -> 0 | E28: =IFERROR(VLOOKUP(A28,'Detailed Dashboard'!$A:$AD,5,FALSE),"-") -> 0 | F28: =IFERROR(E28*B28,0) -> 0 | G28: =IFERROR(VLOOKUP(A28,'Detailed Dashboard'!$A:$AD,8,FALSE),"-") -> 0 | H28: =IFERROR(E28*B28*G28,"-") -> 0 | I28: =IFERROR(VLOOKUP(A28,'Detailed Dashboard'!$A:$AD,15,FALSE),"-") -> 0 | J28: =IFERROR(VLOOKUP(A28,'Detailed Dashboard'!$A:$AD,14,FALSE),"-") -> 0 | K28: =IFERROR(VLOOKUP(A28,'Detailed Dashboard'!$A:$AD,17,FALSE),"-") -> 0 | L28: =IFERROR(IF(VLOOKUP(A28,'Payment Dates'!$A:$B,2,FALSE)="monthly",4, MOD(MONTH(VLOOKUP(A28,'Payment Dates'!$A:$B,2,FALSE)),3)), "-") -> 0 | M28: =IFERROR(VLOOKUP(A28,'Detailed Dashboard'!$A:$AD,12,FALSE),"-") -> 0 | N28: =IFERROR(P28*D28, "-") -> 0 | O28: =IFERROR(VLOOKUP(A28,'Detailed Dashboard'!$A:$AD,9,FALSE),"-") -> 0 | P28: =IFERROR(VLOOKUP(A28,'Detailed Dashboard'!$A:$AD,10,FALSE),"-") -> 0 | Q28: =IFERROR(VLOOKUP(A28,'Detailed Dashboard'!$A:$AD,11,FALSE),"-") -> 0 | S28: Consumer Staples | T28: =SUMIF($C$2:$C$300,"=Consumer Staples",$H$2:$H$300) -> 0
C29: =IFERROR(VLOOKUP(A29,'Detailed Dashboard'!$A:$AD,23,FALSE),"-") -> 0 | D29: =IFERROR(F29/SUM($F$2:$F$301),"-") -> 0 | E29: =IFERROR(VLOOKUP(A29,'Detailed Dashboard'!$A:$AD,5,FALSE),"-") -> 0 | F29: =IFERROR(E29*B29,0) -> 0 | G29: =IFERROR(VLOOKUP(A29,'Detailed Dashboard'!$A:$AD,8,FALSE),"-") -> 0 | H29: =IFERROR(E29*B29*G29,"-") -> 0 | I29: =IFERROR(VLOOKUP(A29,'Detailed Dashboard'!$A:$AD,15,FALSE),"-") -> 0 | J29: =IFERROR(VLOOKUP(A29,'Detailed Dashboard'!$A:$AD,14,FALSE),"-") -> 0 | K29: =IFERROR(VLOOKUP(A29,'Detailed Dashboard'!$A:$AD,17,FALSE),"-") -> 0 | L29: =IFERROR(IF(VLOOKUP(A29,'Payment Dates'!$A:$B,2,FALSE)="monthly",4, MOD(MONTH(VLOOKUP(A29,'Payment Dates'!$A:$B,2,FALSE)),3)), "-") -> 0 | M29: =IFERROR(VLOOKUP(A29,'Detailed Dashboard'!$A:$AD,12,FALSE),"-") -> 0 | N29: =IFERROR(P29*D29, "-") -> 0 | O29: =IFERROR(VLOOKUP(A29,'Detailed Dashboard'!$A:$AD,9,FALSE),"-") -> 0 | P29: =IFERROR(VLOOKUP(A29,'Detailed Dashboard'!$A:$AD,10,FALSE),"-") -> 0 | Q29: =IFERROR(VLOOKUP(A29,'Detailed Dashboard'!$A:$AD,11,FALSE),"-") -> 0 | S29: Energy | T29: =SUMIF($C$2:$C$300,"=Energy",$H$2:$H$300) -> 0
C30: =IFERROR(VLOOKUP(A30,'Detailed Dashboard'!$A:$AD,23,FALSE),"-") -> 0 | D30: =IFERROR(F30/SUM($F$2:$F$301),"-") -> 0 | E30: =IFERROR(VLOOKUP(A30,'Detailed Dashboard'!$A:$AD,5,FALSE),"-") -> 0 | F30: =IFERROR(E30*B30,0) -> 0 | G30: =IFERROR(VLOOKUP(A30,'Detailed Dashboard'!$A:$AD,8,FALSE),"-") -> 0 | H30: =IFERROR(E30*B30*G30,"-") -> 0 | I30: =IFERROR(VLOOKUP(A30,'Detailed Dashboard'!$A:$AD,15,FALSE),"-") -> 0 | J30: =IFERROR(VLOOKUP(A30,'Detailed Dashboard'!$A:$AD,14,FALSE),"-") -> 0 | K30: =IFERROR(VLOOKUP(A30,'Detailed Dashboard'!$A:$AD,17,FALSE),"-") -> 0 | L30: =IFERROR(IF(VLOOKUP(A30,'Payment Dates'!$A:$B,2,FALSE)="monthly",4, MOD(MONTH(VLOOKUP(A30,'Payment Dates'!$A:$B,2,FALSE)),3)), "-") -> 0 | M30: =IFERROR(VLOOKUP(A30,'Detailed Dashboard'!$A:$AD,12,FALSE),"-") -> 0 | N30: =IFERROR(P30*D30, "-") -> 0 | O30: =IFERROR(VLOOKUP(A30,'Detailed Dashboard'!$A:$AD,9,FALSE),"-") -> 0 | P30: =IFERROR(VLOOKUP(A30,'Detailed Dashboard'!$A:$AD,10,FALSE),"-") -> 0 | Q30: =IFERROR(VLOOKUP(A30,'Detailed Dashboard'!$A:$AD,11,FALSE),"-") -> 0 | S30: Financials | T30: =SUMIF($C$2:$C$300,"=Financials",$H$2:$H$300) -> 0
C31: =IFERROR(VLOOKUP(A31,'Detailed Dashboard'!$A:$AD,23,FALSE),"-") -> 0 | D31: =IFERROR(F31/SUM($F$2:$F$301),"-") -> 0 | E31: =IFERROR(VLOOKUP(A31,'Detailed Dashboard'!$A:$AD,5,FALSE),"-") -> 0 | F31: =IFERROR(E31*B31,0) -> 0 | G31: =IFERROR(VLOOKUP(A31,'Detailed Dashboard'!$A:$AD,8,FALSE),"-") -> 0 | H31: =IFERROR(E31*B31*G31,"-") -> 0 | I31: =IFERROR(VLOOKUP(A31,'Detailed Dashboard'!$A:$AD,15,FALSE),"-") -> 0 | J31: =IFERROR(VLOOKUP(A31,'Detailed Dashboard'!$A:$AD,14,FALSE),"-") -> 0 | K31: =IFERROR(VLOOKUP(A31,'Detailed Dashboard'!$A:$AD,17,FALSE),"-") -> 0 | L31: =IFERROR(IF(VLOOKUP(A31,'Payment Dates'!$A:$B,2,FALSE)="monthly",4, MOD(MONTH(VLOOKUP(A31,'Payment Dates'!$A:$B,2,FALSE)),3)), "-") -> 0 | M31: =IFERROR(VLOOKUP(A31,'Detailed Dashboard'!$A:$AD,12,FALSE),"-") -> 0 | N31: =IFERROR(P31*D31, "-") -> 0 | O31: =IFERROR(VLOOKUP(A31,'Detailed Dashboard'!$A:$AD,9,FALSE),"-") -> 0 | P31: =IFERROR(VLOOKUP(A31,'Detailed Dashboard'!$A:$AD,10,FALSE),"-") -> 0 | Q31: =IFERROR(VLOOKUP(A31,'Detailed Dashboard'!$A:$AD,11,FALSE),"-") -> 0 | S31: Health Care | T31: =SUMIF($C$2:$C$300,"=Health Care",$H$2:$H$300) -> 0
C32: =IFERROR(VLOOKUP(A32,'Detailed Dashboard'!$A:$AD,23,FALSE),"-") -> 0 | D32: =IFERROR(F32/SUM($F$2:$F$301),"-") -> 0 | E32: =IFERROR(VLOOKUP(A32,'Detailed Dashboard'!$A:$AD,5,FALSE),"-") -> 0 | F32: =IFERROR(E32*B32,0) -> 0 | G32: =IFERROR(VLOOKUP(A32,'Detailed Dashboard'!$A:$AD,8,FALSE),"-") -> 0 | H32: =IFERROR(E32*B32*G32,"-") -> 0 | I32: =IFERROR(VLOOKUP(A32,'Detailed Dashboard'!$A:$AD,15,FALSE),"-") -> 0 | J32: =IFERROR(VLOOKUP(A32,'Detailed Dashboard'!$A:$AD,14,FALSE),"-") -> 0 | K32: =IFERROR(VLOOKUP(A32,'Detailed Dashboard'!$A:$AD,17,FALSE),"-") -> 0 | L32: =IFERROR(IF(VLOOKUP(A32,'Payment Dates'!$A:$B,2,FALSE)="monthly",4, MOD(MONTH(VLOOKUP(A32,'Payment Dates'!$A:$B,2,FALSE)),3)), "-") -> 0 | M32: =IFERROR(VLOOKUP(A32,'Detailed Dashboard'!$A:$AD,12,FALSE),"-") -> 0 | N32: =IFERROR(P32*D32, "-") -> 0 | O32: =IFERROR(VLOOKUP(A32,'Detailed Dashboard'!$A:$AD,9,FALSE),"-") -> 0 | P32: =IFERROR(VLOOKUP(A32,'Detailed Dashboard'!$A:$AD,10,FALSE),"-") -> 0 | Q32: =IFERROR(VLOOKUP(A32,'Detailed Dashboard'!$A:$AD,11,FALSE),"-") -> 0 | S32: Industrials | T32: =SUMIF($C$2:$C$300,"=Industrials",$H$2:$H$300) -> 0
C33: =IFERROR(VLOOKUP(A33,'Detailed Dashboard'!$A:$AD,23,FALSE),"-") -> 0 | D33: =IFERROR(F33/SUM($F$2:$F$301),"-") -> 0 | E33: =IFERROR(VLOOKUP(A33,'Detailed Dashboard'!$A:$AD,5,FALSE),"-") -> 0 | F33: =IFERROR(E33*B33,0) -> 0 | G33: =IFERROR(VLOOKUP(A33,'Detailed Dashboard'!$A:$AD,8,FALSE),"-") -> 0 | H33: =IFERROR(E33*B33*G33,"-") -> 0 | I33: =IFERROR(VLOOKUP(A33,'Detailed Dashboard'!$A:$AD,15,FALSE),"-") -> 0 | J33: =IFERROR(VLOOKUP(A33,'Detailed Dashboard'!$A:$AD,14,FALSE),"-") -> 0 | K33: =IFERROR(VLOOKUP(A33,'Detailed Dashboard'!$A:$AD,17,FALSE),"-") -> 0 | L33: =IFERROR(IF(VLOOKUP(A33,'Payment Dates'!$A:$B,2,FALSE)="monthly",4, MOD(MONTH(VLOOKUP(A33,'Payment Dates'!$A:$B,2,FALSE)),3)), "-") -> 0 | M33: =IFERROR(VLOOKUP(A33,'Detailed Dashboard'!$A:$AD,12,FALSE),"-") -> 0 | N33: =IFERROR(P33*D33, "-") -> 0 | O33: =IFERROR(VLOOKUP(A33,'Detailed Dashboard'!$A:$AD,9,FALSE),"-") -> 0 | P33: =IFERROR(VLOOKUP(A33,'Detailed Dashboard'!$A:$AD,10,FALSE),"-") -> 0 | Q33: =IFERROR(VLOOKUP(A33,'Detailed Dashboard'!$A:$AD,11,FALSE),"-") -> 0 | S33: Real Estate | T33: =SUMIF($C$2:$C$300,"=Real Estate",$H$2:$H$300) -> 0
C34: =IFERROR(VLOOKUP(A34,'Detailed Dashboard'!$A:$AD,23,FALSE),"-") -> 0 | D34: =IFERROR(F34/SUM($F$2:$F$301),"-") -> 0 | E34: =IFERROR(VLOOKUP(A34,'Detailed Dashboard'!$A:$AD,5,FALSE),"-") -> 0 | F34: =IFERROR(E34*B34,0) -> 0 | G34: =IFERROR(VLOOKUP(A34,'Detailed Dashboard'!$A:$AD,8,FALSE),"-") -> 0 | H34: =IFERROR(E34*B34*G34,"-") -> 0 | I34: =IFERROR(VLOOKUP(A34,'Detailed Dashboard'!$A:$AD,15,FALSE),"-") -> 0 | J34: =IFERROR(VLOOKUP(A34,'Detailed Dashboard'!$A:$AD,14,FALSE),"-") -> 0 | K34: =IFERROR(VLOOKUP(A34,'Detailed Dashboard'!$A:$AD,17,FALSE),"-") -> 0 | L34: =IFERROR(IF(VLOOKUP(A34,'Payment Dates'!$A:$B,2,FALSE)="monthly",4, MOD(MONTH(VLOOKUP(A34,'Payment Dates'!$A:$B,2,FALSE)),3)), "-") -> 0 | M34: =IFERROR(VLOOKUP(A34,'Detailed Dashboard'!$A:$AD,12,FALSE),"-") -> 0 | N34: =IFERROR(P34*D34, "-") -> 0 | O34: =IFERROR(VLOOKUP(A34,'Detailed Dashboard'!$A:$AD,9,FALSE),"-") -> 0 | P34: =IFERROR(VLOOKUP(A34,'Detailed Dashboard'!$A:$AD,10,FALSE),"-") -> 0 | Q34: =IFERROR(VLOOKUP(A34,'Detailed Dashboard'!$A:$AD,11,FALSE),"-") -> 0 | S34: Information Technology | T34: =SUMIF($C$2:$C$300,"=Information Technology",$H$2:$H$300) -> 0
C35: =IFERROR(VLOOKUP(A35,'Detailed Dashboard'!$A:$AD,23,FALSE),"-") -> 0 | D35: =IFERROR(F35/SUM($F$2:$F$301),"-") -> 0 | E35: =IFERROR(VLOOKUP(A35,'Detailed Dashboard'!$A:$AD,5,FALSE),"-") -> 0 | F35: =IFERROR(E35*B35,0) -> 0 | G35: =IFERROR(VLOOKUP(A35,'Detailed Dashboard'!$A:$AD,8,FALSE),"-") -> 0 | H35: =IFERROR(E35*B35*G35,"-") -> 0 | I35: =IFERROR(VLOOKUP(A35,'Detailed Dashboard'!$A:$AD,15,FALSE),"-") -> 0 | J35: =IFERROR(VLOOKUP(A35,'Detailed Dashboard'!$A:$AD,14,FALSE),"-") -> 0 | K35: =IFERROR(VLOOKUP(A35,'Detailed Dashboard'!$A:$AD,17,FALSE),"-") -> 0 | L35: =IFERROR(IF(VLOOKUP(A35,'Payment Dates'!$A:$B,2,FALSE)="monthly",4, MOD(MONTH(VLOOKUP(A35,'Payment Dates'!$A:$B,2,FALSE)),3)), "-") -> 0 | M35: =IFERROR(VLOOKUP(A35,'Detailed Dashboard'!$A:$AD,12,FALSE),"-") -> 0 | N35: =IFERROR(P35*D35, "-") -> 0 | O35: =IFERROR(VLOOKUP(A35,'Detailed Dashboard'!$A:$AD,9,FALSE),"-") -> 0 | P35: =IFERROR(VLOOKUP(A35,'Detailed Dashboard'!$A:$AD,10,FALSE),"-") -> 0 | Q35: =IFERROR(VLOOKUP(A35,'Detailed Dashboard'!$A:$AD,11,FALSE),"-") -> 0 | S35: Utilities | T35: =SUMIF($C$2:$C$300,"=Utilities",$H$2:$H$300) -> 0
C36: =IFERROR(VLOOKUP(A36,'Detailed Dashboard'!$A:$AD,23,FALSE),"-") -> 0 | D36: =IFERROR(F36/SUM($F$2:$F$301),"-") -> 0 | E36: =IFERROR(VLOOKUP(A36,'Detailed Dashboard'!$A:$AD,5,FALSE),"-") -> 0 | F36: =IFERROR(E36*B36,0) -> 0 | G36: =IFERROR(VLOOKUP(A36,'Detailed Dashboard'!$A:$AD,8,FALSE),"-") -> 0 | H36: =IFERROR(E36*B36*G36,"-") -> 0 | I36: =IFERROR(VLOOKUP(A36,'Detailed Dashboard'!$A:$AD,15,FALSE),"-") -> 0 | J36: =IFERROR(VLOOKUP(A36,'Detailed Dashboard'!$A:$AD,14,FALSE),"-") -> 0 | K36: =IFERROR(VLOOKUP(A36,'Detailed Dashboard'!$A:$AD,17,FALSE),"-") -> 0 | L36: =IFERROR(IF(VLOOKUP(A36,'Payment Dates'!$A:$B,2,FALSE)="monthly",4, MOD(MONTH(VLOOKUP(A36,'Payment Dates'!$A:$B,2,FALSE)),3)), "-") -> 0 | M36: =IFERROR(VLOOKUP(A36,'Detailed Dashboard'!$A:$AD,12,FALSE),"-") -> 0 | N36: =IFERROR(P36*D36, "-") -> 0 | O36: =IFERROR(VLOOKUP(A36,'Detailed Dashboard'!$A:$AD,9,FALSE),"-") -> 0 | P36: =IFERROR(VLOOKUP(A36,'Detailed Dashboard'!$A:$AD,10,FALSE),"-") -> 0 | Q36: =IFERROR(VLOOKUP(A36,'Detailed Dashboard'!$A:$AD,11,FALSE),"-") -> 0
C37: =IFERROR(VLOOKUP(A37,'Detailed Dashboard'!$A:$AD,23,FALSE),"-") -> 0 | D37: =IFERROR(F37/SUM($F$2:$F$301),"-") -> 0 | E37: =IFERROR(VLOOKUP(A37,'Detailed Dashboard'!$A:$AD,5,FALSE),"-") -> 0 | F37: =IFERROR(E37*B37,0) -> 0 | G37: =IFERROR(VLOOKUP(A37,'Detailed Dashboard'!$A:$AD,8,FALSE),"-") -> 0 | H37: =IFERROR(E37*B37*G37,"-") -> 0 | I37: =IFERROR(VLOOKUP(A37,'Detailed Dashboard'!$A:$AD,15,FALSE),"-") -> 0 | J37: =IFERROR(VLOOKUP(A37,'Detailed Dashboard'!$A:$AD,14,FALSE),"-") -> 0 | K37: =IFERROR(VLOOKUP(A37,'Detailed Dashboard'!$A:$AD,17,FALSE),"-") -> 0 | L37: =IFERROR(IF(VLOOKUP(A37,'Payment Dates'!$A:$B,2,FALSE)="monthly",4, MOD(MONTH(VLOOKUP(A37,'Payment Dates'!$A:$B,2,FALSE)),3)), "-") -> 0 | M37: =IFERROR(VLOOKUP(A37,'Detailed Dashboard'!$A:$AD,12,FALSE),"-") -> 0 | N37: =IFERROR(P37*D37, "-") -> 0 | O37: =IFERROR(VLOOKUP(A37,'Detailed Dashboard'!$A:$AD,9,FALSE),"-") -> 0 | P37: =IFERROR(VLOOKUP(A37,'Detailed Dashboard'!$A:$AD,10,FALSE),"-") -> 0 | Q37: =IFERROR(VLOOKUP(A37,'Detailed Dashboard'!$A:$AD,11,FALSE),"-") -> 0 | S37: Dividend Income by Time Period
C38: =IFERROR(VLOOKUP(A38,'Detailed Dashboard'!$A:$AD,23,FALSE),"-") -> 0 | D38: =IFERROR(F38/SUM($F$2:$F$301),"-") -> 0 | E38: =IFERROR(VLOOKUP(A38,'Detailed Dashboard'!$A:$AD,5,FALSE),"-") -> 0 | F38: =IFERROR(E38*B38,0) -> 0 | G38: =IFERROR(VLOOKUP(A38,'Detailed Dashboard'!$A:$AD,8,FALSE),"-") -> 0 | H38: =IFERROR(E38*B38*G38,"-") -> 0 | I38: =IFERROR(VLOOKUP(A38,'Detailed Dashboard'!$A:$AD,15,FALSE),"-") -> 0 | J38: =IFERROR(VLOOKUP(A38,'Detailed Dashboard'!$A:$AD,14,FALSE),"-") -> 0 | K38: =IFERROR(VLOOKUP(A38,'Detailed Dashboard'!$A:$AD,17,FALSE),"-") -> 0 | L38: =IFERROR(IF(VLOOKUP(A38,'Payment Dates'!$A:$B,2,FALSE)="monthly",4, MOD(MONTH(VLOOKUP(A38,'Payment Dates'!$A:$B,2,FALSE)),3)), "-") -> 0 | M38: =IFERROR(VLOOKUP(A38,'Detailed Dashboard'!$A:$AD,12,FALSE),"-") -> 0 | N38: =IFERROR(P38*D38, "-") -> 0 | O38: =IFERROR(VLOOKUP(A38,'Detailed Dashboard'!$A:$AD,9,FALSE),"-") -> 0 | P38: =IFERROR(VLOOKUP(A38,'Detailed Dashboard'!$A:$AD,10,FALSE),"-") -> 0 | Q38: =IFERROR(VLOOKUP(A38,'Detailed Dashboard'!$A:$AD,11,FALSE),"-") -> 0 | S38: Avg. Dividend Income / Month | T38: =SUM($H:$H)/12 -> 0
C39: =IFERROR(VLOOKUP(A39,'Detailed Dashboard'!$A:$AD,23,FALSE),"-") -> 0 | D39: =IFERROR(F39/SUM($F$2:$F$301),"-") -> 0 | E39: =IFERROR(VLOOKUP(A39,'Detailed Dashboard'!$A:$AD,5,FALSE),"-") -> 0 | F39: =IFERROR(E39*B39,0) -> 0 | G39: =IFERROR(VLOOKUP(A39,'Detailed Dashboard'!$A:$AD,8,FALSE),"-") -> 0 | H39: =IFERROR(E39*B39*G39,"-") -> 0 | I39: =IFERROR(VLOOKUP(A39,'Detailed Dashboard'!$A:$AD,15,FALSE),"-") -> 0 | J39: =IFERROR(VLOOKUP(A39,'Detailed Dashboard'!$A:$AD,14,FALSE),"-") -> 0 | K39: =IFERROR(VLOOKUP(A39,'Detailed Dashboard'!$A:$AD,17,FALSE),"-") -> 0 | L39: =IFERROR(IF(VLOOKUP(A39,'Payment Dates'!$A:$B,2,FALSE)="monthly",4, MOD(MONTH(VLOOKUP(A39,'Payment Dates'!$A:$B,2,FALSE)),3)), "-") -> 0 | M39: =IFERROR(VLOOKUP(A39,'Detailed Dashboard'!$A:$AD,12,FALSE),"-") -> 0 | N39: =IFERROR(P39*D39, "-") -> 0 | O39: =IFERROR(VLOOKUP(A39,'Detailed Dashboard'!$A:$AD,9,FALSE),"-") -> 0 | P39: =IFERROR(VLOOKUP(A39,'Detailed Dashboard'!$A:$AD,10,FALSE),"-") -> 0 | Q39: =IFERROR(VLOOKUP(A39,'Detailed Dashboard'!$A:$AD,11,FALSE),"-") -> 0 | S39: Avg. Dividend Income / Week | T39: =SUM($H:$H)/52 -> 0
C40: =IFERROR(VLOOKUP(A40,'Detailed Dashboard'!$A:$AD,23,FALSE),"-") -> 0 | D40: =IFERROR(F40/SUM($F$2:$F$301),"-") -> 0 | E40: =IFERROR(VLOOKUP(A40,'Detailed Dashboard'!$A:$AD,5,FALSE),"-") -> 0 | F40: =IFERROR(E40*B40,0) -> 0 | G40: =IFERROR(VLOOKUP(A40,'Detailed Dashboard'!$A:$AD,8,FALSE),"-") -> 0 | H40: =IFERROR(E40*B40*G40,"-") -> 0 | I40: =IFERROR(VLOOKUP(A40,'Detailed Dashboard'!$A:$AD,15,FALSE),"-") -> 0 | J40: =IFERROR(VLOOKUP(A40,'Detailed Dashboard'!$A:$AD,14,FALSE),"-") -> 0 | K40: =IFERROR(VLOOKUP(A40,'Detailed Dashboard'!$A:$AD,17,FALSE),"-") -> 0 | L40: =IFERROR(IF(VLOOKUP(A40,'Payment Dates'!$A:$B,2,FALSE)="monthly",4, MOD(MONTH(VLOOKUP(A40,'Payment Dates'!$A:$B,2,FALSE)),3)), "-") -> 0 | M40: =IFERROR(VLOOKUP(A40,'Detailed Dashboard'!$A:$AD,12,FALSE),"-") -> 0 | N40: =IFERROR(P40*D40, "-") -> 0 | O40: =IFERROR(VLOOKUP(A40,'Detailed Dashboard'!$A:$AD,9,FALSE),"-") -> 0 | P40: =IFERROR(VLOOKUP(A40,'Detailed Dashboard'!$A:$AD,10,FALSE),"-") -> 0 | Q40: =IFERROR(VLOOKUP(A40,'Detailed Dashboard'!$A:$AD,11,FALSE),"-") -> 0 | S40: Avg. Dividend Income / Day | T40: =SUM($H:$H)/365 -> 0
C41: =IFERROR(VLOOKUP(A41,'Detailed Dashboard'!$A:$AD,23,FALSE),"-") -> 0 | D41: =IFERROR(F41/SUM($F$2:$F$301),"-") -> 0 | E41: =IFERROR(VLOOKUP(A41,'Detailed Dashboard'!$A:$AD,5,FALSE),"-") -> 0 | F41: =IFERROR(E41*B41,0) -> 0 | G41: =IFERROR(VLOOKUP(A41,'Detailed Dashboard'!$A:$AD,8,FALSE),"-") -> 0 | H41: =IFERROR(E41*B41*G41,"-") -> 0 | I41: =IFERROR(VLOOKUP(A41,'Detailed Dashboard'!$A:$AD,15,FALSE),"-") -> 0 | J41: =IFERROR(VLOOKUP(A41,'Detailed Dashboard'!$A:$AD,14,FALSE),"-") -> 0 | K41: =IFERROR(VLOOKUP(A41,'Detailed Dashboard'!$A:$AD,17,FALSE),"-") -> 0 | L41: =IFERROR(IF(VLOOKUP(A41,'Payment Dates'!$A:$B,2,FALSE)="monthly",4, MOD(MONTH(VLOOKUP(A41,'Payment Dates'!$A:$B,2,FALSE)),3)), "-") -> 0 | M41: =IFERROR(VLOOKUP(A41,'Detailed Dashboard'!$A:$AD,12,FALSE),"-") -> 0 | N41: =IFERROR(P41*D41, "-") -> 0 | O41: =IFERROR(VLOOKUP(A41,'Detailed Dashboard'!$A:$AD,9,FALSE),"-") -> 0 | P41: =IFERROR(VLOOKUP(A41,'Detailed Dashboard'!$A:$AD,10,FALSE),"-") -> 0 | Q41: =IFERROR(VLOOKUP(A41,'Detailed Dashboard'!$A:$AD,11,FALSE),"-") -> 0 | S41: Avg. Dividend Income / Hour | T41: =SUM($H:$H)/8760 -> 0
C42: =IFERROR(VLOOKUP(A42,'Detailed Dashboard'!$A:$AD,23,FALSE),"-") -> 0 | D42: =IFERROR(F42/SUM($F$2:$F$301),"-") -> 0 | E42: =IFERROR(VLOOKUP(A42,'Detailed Dashboard'!$A:$AD,5,FALSE),"-") -> 0 | F42: =IFERROR(E42*B42,0) -> 0 | G42: =IFERROR(VLOOKUP(A42,'Detailed Dashboard'!$A:$AD,8,FALSE),"-") -> 0 | H42: =IFERROR(E42*B42*G42,"-") -> 0 | I42: =IFERROR(VLOOKUP(A42,'Detailed Dashboard'!$A:$AD,15,FALSE),"-") -> 0 | J42: =IFERROR(VLOOKUP(A42,'Detailed Dashboard'!$A:$AD,14,FALSE),"-") -> 0 | K42: =IFERROR(VLOOKUP(A42,'Detailed Dashboard'!$A:$AD,17,FALSE),"-") -> 0 | L42: =IFERROR(IF(VLOOKUP(A42,'Payment Dates'!$A:$B,2,FALSE)="monthly",4, MOD(MONTH(VLOOKUP(A42,'Payment Dates'!$A:$B,2,FALSE)),3)), "-") -> 0 | M42: =IFERROR(VLOOKUP(A42,'Detailed Dashboard'!$A:$AD,12,FALSE),"-") -> 0 | N42: =IFERROR(P42*D42, "-") -> 0 | O42: =IFERROR(VLOOKUP(A42,'Detailed Dashboard'!$A:$AD,9,FALSE),"-") -> 0 | P42: =IFERROR(VLOOKUP(A42,'Detailed Dashboard'!$A:$AD,10,FALSE),"-") -> 0 | Q42: =IFERROR(VLOOKUP(A42,'Detailed Dashboard'!$A:$AD,11,FALSE),"-") -> 0
C43: =IFERROR(VLOOKUP(A43,'Detailed Dashboard'!$A:$AD,23,FALSE),"-") -> 0 | D43: =IFERROR(F43/SUM($F$2:$F$301),"-") -> 0 | E43: =IFERROR(VLOOKUP(A43,'Detailed Dashboard'!$A:$AD,5,FALSE),"-") -> 0 | F43: =IFERROR(E43*B43,0) -> 0 | G43: =IFERROR(VLOOKUP(A43,'Detailed Dashboard'!$A:$AD,8,FALSE),"-") -> 0 | H43: =IFERROR(E43*B43*G43,"-") -> 0 | I43: =IFERROR(VLOOKUP(A43,'Detailed Dashboard'!$A:$AD,15,FALSE),"-") -> 0 | J43: =IFERROR(VLOOKUP(A43,'Detailed Dashboard'!$A:$AD,14,FALSE),"-") -> 0 | K43: =IFERROR(VLOOKUP(A43,'Detailed Dashboard'!$A:$AD,17,FALSE),"-") -> 0 | L43: =IFERROR(IF(VLOOKUP(A43,'Payment Dates'!$A:$B,2,FALSE)="monthly",4, MOD(MONTH(VLOOKUP(A43,'Payment Dates'!$A:$B,2,FALSE)),3)), "-") -> 0 | M43: =IFERROR(VLOOKUP(A43,'Detailed Dashboard'!$A:$AD,12,FALSE),"-") -> 0 | N43: =IFERROR(P43*D43, "-") -> 0 | O43: =IFERROR(VLOOKUP(A43,'Detailed Dashboard'!$A:$AD,9,FALSE),"-") -> 0 | P43: =IFERROR(VLOOKUP(A43,'Detailed Dashboard'!$A:$AD,10,FALSE),"-") -> 0 | Q43: =IFERROR(VLOOKUP(A43,'Detailed Dashboard'!$A:$AD,11,FALSE),"-") -> 0
C44: =IFERROR(VLOOKUP(A44,'Detailed Dashboard'!$A:$AD,23,FALSE),"-") -> 0 | D44: =IFERROR(F44/SUM($F$2:$F$301),"-") -> 0 | E44: =IFERROR(VLOOKUP(A44,'Detailed Dashboard'!$A:$AD,5,FALSE),"-") -> 0 | F44: =IFERROR(E44*B44,0) -> 0 | G44: =IFERROR(VLOOKUP(A44,'Detailed Dashboard'!$A:$AD,8,FALSE),"-") -> 0 | H44: =IFERROR(E44*B44*G44,"-") -> 0 | I44: =IFERROR(VLOOKUP(A44,'Detailed Dashboard'!$A:$AD,15,FALSE),"-") -> 0 | J44: =IFERROR(VLOOKUP(A44,'Detailed Dashboard'!$A:$AD,14,FALSE),"-") -> 0 | K44: =IFERROR(VLOOKUP(A44,'Detailed Dashboard'!$A:$AD,17,FALSE),"-") -> 0 | L44: =IFERROR(IF(VLOOKUP(A44,'Payment Dates'!$A:$B,2,FALSE)="monthly",4, MOD(MONTH(VLOOKUP(A44,'Payment Dates'!$A:$B,2,FALSE)),3)), "-") -> 0 | M44: =IFERROR(VLOOKUP(A44,'Detailed Dashboard'!$A:$AD,12,FALSE),"-") -> 0 | N44: =IFERROR(P44*D44, "-") -> 0 | O44: =IFERROR(VLOOKUP(A44,'Detailed Dashboard'!$A:$AD,9,FALSE),"-") -> 0 | P44: =IFERROR(VLOOKUP(A44,'Detailed Dashboard'!$A:$AD,10,FALSE),"-") -> 0 | Q44: =IFERROR(VLOOKUP(A44,'Detailed Dashboard'!$A:$AD,11,FALSE),"-") -> 0
C45: =IFERROR(VLOOKUP(A45,'Detailed Dashboard'!$A:$AD,23,FALSE),"-") -> 0 | D45: =IFERROR(F45/SUM($F$2:$F$301),"-") -> 0 | E45: =IFERROR(VLOOKUP(A45,'Detailed Dashboard'!$A:$AD,5,FALSE),"-") -> 0 | F45: =IFERROR(E45*B45,0) -> 0 | G45: =IFERROR(VLOOKUP(A45,'Detailed Dashboard'!$A:$AD,8,FALSE),"-") -> 0 | H45: =IFERROR(E45*B45*G45,"-") -> 0 | I45: =IFERROR(VLOOKUP(A45,'Detailed Dashboard'!$A:$AD,15,FALSE),"-") -> 0 | J45: =IFERROR(VLOOKUP(A45,'Detailed Dashboard'!$A:$AD,14,FALSE),"-") -> 0 | K45: =IFERROR(VLOOKUP(A45,'Detailed Dashboard'!$A:$AD,17,FALSE),"-") -> 0 | L45: =IFERROR(IF(VLOOKUP(A45,'Payment Dates'!$A:$B,2,FALSE)="monthly",4, MOD(MONTH(VLOOKUP(A45,'Payment Dates'!$A:$B,2,FALSE)),3)), "-") -> 0 | M45: =IFERROR(VLOOKUP(A45,'Detailed Dashboard'!$A:$AD,12,FALSE),"-") -> 0 | N45: =IFERROR(P45*D45, "-") -> 0 | O45: =IFERROR(VLOOKUP(A45,'Detailed Dashboard'!$A:$AD,9,FALSE),"-") -> 0 | P45: =IFERROR(VLOOKUP(A45,'Detailed Dashboard'!$A:$AD,10,FALSE),"-") -> 0 | Q45: =IFERROR(VLOOKUP(A45,'Detailed Dashboard'!$A:$AD,11,FALSE),"-") -> 0
C46: =IFERROR(VLOOKUP(A46,'Detailed Dashboard'!$A:$AD,23,FALSE),"-") -> 0 | D46: =IFERROR(F46/SUM($F$2:$F$301),"-") -> 0 | E46: =IFERROR(VLOOKUP(A46,'Detailed Dashboard'!$A:$AD,5,FALSE),"-") -> 0 | F46: =IFERROR(E46*B46,0) -> 0 | G46: =IFERROR(VLOOKUP(A46,'Detailed Dashboard'!$A:$AD,8,FALSE),"-") -> 0 | H46: =IFERROR(E46*B46*G46,"-") -> 0 | I46: =IFERROR(VLOOKUP(A46,'Detailed Dashboard'!$A:$AD,15,FALSE),"-") -> 0 | J46: =IFERROR(VLOOKUP(A46,'Detailed Dashboard'!$A:$AD,14,FALSE),"-") -> 0 | K46: =IFERROR(VLOOKUP(A46,'Detailed Dashboard'!$A:$AD,17,FALSE),"-") -> 0 | L46: =IFERROR(IF(VLOOKUP(A46,'Payment Dates'!$A:$B,2,FALSE)="monthly",4, MOD(MONTH(VLOOKUP(A46,'Payment Dates'!$A:$B,2,FALSE)),3)), "-") -> 0 | M46: =IFERROR(VLOOKUP(A46,'Detailed Dashboard'!$A:$AD,12,FALSE),"-") -> 0 | N46: =IFERROR(P46*D46, "-") -> 0 | O46: =IFERROR(VLOOKUP(A46,'Detailed Dashboard'!$A:$AD,9,FALSE),"-") -> 0 | P46: =IFERROR(VLOOKUP(A46,'Detailed Dashboard'!$A:$AD,10,FALSE),"-") -> 0 | Q46: =IFERROR(VLOOKUP(A46,'Detailed Dashboard'!$A:$AD,11,FALSE),"-") -> 0
C47: =IFERROR(VLOOKUP(A47,'Detailed Dashboard'!$A:$AD,23,FALSE),"-") -> 0 | D47: =IFERROR(F47/SUM($F$2:$F$301),"-") -> 0 | E47: =IFERROR(VLOOKUP(A47,'Detailed Dashboard'!$A:$AD,5,FALSE),"-") -> 0 | F47: =IFERROR(E47*B47,0) -> 0 | G47: =IFERROR(VLOOKUP(A47,'Detailed Dashboard'!$A:$AD,8,FALSE),"-") -> 0 | H47: =IFERROR(E47*B47*G47,"-") -> 0 | I47: =IFERROR(VLOOKUP(A47,'Detailed Dashboard'!$A:$AD,15,FALSE),"-") -> 0 | J47: =IFERROR(VLOOKUP(A47,'Detailed Dashboard'!$A:$AD,14,FALSE),"-") -> 0 | K47: =IFERROR(VLOOKUP(A47,'Detailed Dashboard'!$A:$AD,17,FALSE),"-") -> 0 | L47: =IFERROR(IF(VLOOKUP(A47,'Payment Dates'!$A:$B,2,FALSE)="monthly",4, MOD(MONTH(VLOOKUP(A47,'Payment Dates'!$A:$B,2,FALSE)),3)), "-") -> 0 | M47: =IFERROR(VLOOKUP(A47,'Detailed Dashboard'!$A:$AD,12,FALSE),"-") -> 0 | N47: =IFERROR(P47*D47, "-") -> 0 | O47: =IFERROR(VLOOKUP(A47,'Detailed Dashboard'!$A:$AD,9,FALSE),"-") -> 0 | P47: =IFERROR(VLOOKUP(A47,'Detailed Dashboard'!$A:$AD,10,FALSE),"-") -> 0 | Q47: =IFERROR(VLOOKUP(A47,'Detailed Dashboard'!$A:$AD,11,FALSE),"-") -> 0
C48: =IFERROR(VLOOKUP(A48,'Detailed Dashboard'!$A:$AD,23,FALSE),"-") -> 0 | D48: =IFERROR(F48/SUM($F$2:$F$301),"-") -> 0 | E48: =IFERROR(VLOOKUP(A48,'Detailed Dashboard'!$A:$AD,5,FALSE),"-") -> 0 | F48: =IFERROR(E48*B48,0) -> 0 | G48: =IFERROR(VLOOKUP(A48,'Detailed Dashboard'!$A:$AD,8,FALSE),"-") -> 0 | H48: =IFERROR(E48*B48*G48,"-") -> 0 | I48: =IFERROR(VLOOKUP(A48,'Detailed Dashboard'!$A:$AD,15,FALSE),"-") -> 0 | J48: =IFERROR(VLOOKUP(A48,'Detailed Dashboard'!$A:$AD,14,FALSE),"-") -> 0 | K48: =IFERROR(VLOOKUP(A48,'Detailed Dashboard'!$A:$AD,17,FALSE),"-") -> 0 | L48: =IFERROR(IF(VLOOKUP(A48,'Payment Dates'!$A:$B,2,FALSE)="monthly",4, MOD(MONTH(VLOOKUP(A48,'Payment Dates'!$A:$B,2,FALSE)),3)), "-") -> 0 | M48: =IFERROR(VLOOKUP(A48,'Detailed Dashboard'!$A:$AD,12,FALSE),"-") -> 0 | N48: =IFERROR(P48*D48, "-") -> 0 | O48: =IFERROR(VLOOKUP(A48,'Detailed Dashboard'!$A:$AD,9,FALSE),"-") -> 0 | P48: =IFERROR(VLOOKUP(A48,'Detailed Dashboard'!$A:$AD,10,FALSE),"-") -> 0 | Q48: =IFERROR(VLOOKUP(A48,'Detailed Dashboard'!$A:$AD,11,FALSE),"-") -> 0
C49: =IFERROR(VLOOKUP(A49,'Detailed Dashboard'!$A:$AD,23,FALSE),"-") -> 0 | D49: =IFERROR(F49/SUM($F$2:$F$301),"-") -> 0 | E49: =IFERROR(VLOOKUP(A49,'Detailed Dashboard'!$A:$AD,5,FALSE),"-") -> 0 | F49: =IFERROR(E49*B49,0) -> 0 | G49: =IFERROR(VLOOKUP(A49,'Detailed Dashboard'!$A:$AD,8,FALSE),"-") -> 0 | H49: =IFERROR(E49*B49*G49,"-") -> 0 | I49: =IFERROR(VLOOKUP(A49,'Detailed Dashboard'!$A:$AD,15,FALSE),"-") -> 0 | J49: =IFERROR(VLOOKUP(A49,'Detailed Dashboard'!$A:$AD,14,FALSE),"-") -> 0 | K49: =IFERROR(VLOOKUP(A49,'Detailed Dashboard'!$A:$AD,17,FALSE),"-") -> 0 | L49: =IFERROR(IF(VLOOKUP(A49,'Payment Dates'!$A:$B,2,FALSE)="monthly",4, MOD(MONTH(VLOOKUP(A49,'Payment Dates'!$A:$B,2,FALSE)),3)), "-") -> 0 | M49: =IFERROR(VLOOKUP(A49,'Detailed Dashboard'!$A:$AD,12,FALSE),"-") -> 0 | N49: =IFERROR(P49*D49, "-") -> 0 | O49: =IFERROR(VLOOKUP(A49,'Detailed Dashboard'!$A:$AD,9,FALSE),"-") -> 0 | P49: =IFERROR(VLOOKUP(A49,'Detailed Dashboard'!$A:$AD,10,FALSE),"-") -> 0 | Q49: =IFERROR(VLOOKUP(A49,'Detailed Dashboard'!$A:$AD,11,FALSE),"-") -> 0
C50: =IFERROR(VLOOKUP(A50,'Detailed Dashboard'!$A:$AD,23,FALSE),"-") -> 0 | D50: =IFERROR(F50/SUM($F$2:$F$301),"-") -> 0 | E50: =IFERROR(VLOOKUP(A50,'Detailed Dashboard'!$A:$AD,5,FALSE),"-") -> 0 | F50: =IFERROR(E50*B50,0) -> 0 | G50: =IFERROR(VLOOKUP(A50,'Detailed Dashboard'!$A:$AD,8,FALSE),"-") -> 0 | H50: =IFERROR(E50*B50*G50,"-") -> 0 | I50: =IFERROR(VLOOKUP(A50,'Detailed Dashboard'!$A:$AD,15,FALSE),"-") -> 0 | J50: =IFERROR(VLOOKUP(A50,'Detailed Dashboard'!$A:$AD,14,FALSE),"-") -> 0 | K50: =IFERROR(VLOOKUP(A50,'Detailed Dashboard'!$A:$AD,17,FALSE),"-") -> 0 | L50: =IFERROR(IF(VLOOKUP(A50,'Payment Dates'!$A:$B,2,FALSE)="monthly",4, MOD(MONTH(VLOOKUP(A50,'Payment Dates'!$A:$B,2,FALSE)),3)), "-") -> 0 | M50: =IFERROR(VLOOKUP(A50,'Detailed Dashboard'!$A:$AD,12,FALSE),"-") -> 0 | N50: =IFERROR(P50*D50, "-") -> 0 | O50: =IFERROR(VLOOKUP(A50,'Detailed Dashboard'!$A:$AD,9,FALSE),"-") -> 0 | P50: =IFERROR(VLOOKUP(A50,'Detailed Dashboard'!$A:$AD,10,FALSE),"-") -> 0 | Q50: =IFERROR(VLOOKUP(A50,'Detailed Dashboard'!$A:$AD,11,FALSE),"-") -> 0
C51: =IFERROR(VLOOKUP(A51,'Detailed Dashboard'!$A:$AD,23,FALSE),"-") -> 0 | D51: =IFERROR(F51/SUM($F$2:$F$301),"-") -> 0 | E51: =IFERROR(VLOOKUP(A51,'Detailed Dashboard'!$A:$AD,5,FALSE),"-") -> 0 | F51: =IFERROR(E51*B51,0) -> 0 | G51: =IFERROR(VLOOKUP(A51,'Detailed Dashboard'!$A:$AD,8,FALSE),"-") -> 0 | H51: =IFERROR(E51*B51*G51,"-") -> 0 | I51: =IFERROR(VLOOKUP(A51,'Detailed Dashboard'!$A:$AD,15,FALSE),"-") -> 0 | J51: =IFERROR(VLOOKUP(A51,'Detailed Dashboard'!$A:$AD,14,FALSE),"-") -> 0 | K51: =IFERROR(VLOOKUP(A51,'Detailed Dashboard'!$A:$AD,17,FALSE),"-") -> 0 | L51: =IFERROR(IF(VLOOKUP(A51,'Payment Dates'!$A:$B,2,FALSE)="monthly",4, MOD(MONTH(VLOOKUP(A51,'Payment Dates'!$A:$B,2,FALSE)),3)), "-") -> 0 | M51: =IFERROR(VLOOKUP(A51,'Detailed Dashboard'!$A:$AD,12,FALSE),"-") -> 0 | N51: =IFERROR(P51*D51, "-") -> 0 | O51: =IFERROR(VLOOKUP(A51,'Detailed Dashboard'!$A:$AD,9,FALSE),"-") -> 0 | P51: =IFERROR(VLOOKUP(A51,'Detailed Dashboard'!$A:$AD,10,FALSE),"-") -> 0 | Q51: =IFERROR(VLOOKUP(A51,'Detailed Dashboard'!$A:$AD,11,FALSE),"-") -> 0
C52: =IFERROR(VLOOKUP(A52,'Detailed Dashboard'!$A:$AD,23,FALSE),"-") -> 0 | D52: =IFERROR(F52/SUM($F$2:$F$301),"-") -> 0 | E52: =IFERROR(VLOOKUP(A52,'Detailed Dashboard'!$A:$AD,5,FALSE),"-") -> 0 | F52: =IFERROR(E52*B52,0) -> 0 | G52: =IFERROR(VLOOKUP(A52,'Detailed Dashboard'!$A:$AD,8,FALSE),"-") -> 0 | H52: =IFERROR(E52*B52*G52,"-") -> 0 | I52: =IFERROR(VLOOKUP(A52,'Detailed Dashboard'!$A:$AD,15,FALSE),"-") -> 0 | J52: =IFERROR(VLOOKUP(A52,'Detailed Dashboard'!$A:$AD,14,FALSE),"-") -> 0 | K52: =IFERROR(VLOOKUP(A52,'Detailed Dashboard'!$A:$AD,17,FALSE),"-") -> 0 | L52: =IFERROR(IF(VLOOKUP(A52,'Payment Dates'!$A:$B,2,FALSE)="monthly",4, MOD(MONTH(VLOOKUP(A52,'Payment Dates'!$A:$B,2,FALSE)),3)), "-") -> 0 | M52: =IFERROR(VLOOKUP(A52,'Detailed Dashboard'!$A:$AD,12,FALSE),"-") -> 0 | N52: =IFERROR(P52*D52, "-") -> 0 | O52: =IFERROR(VLOOKUP(A52,'Detailed Dashboard'!$A:$AD,9,FALSE),"-") -> 0 | P52: =IFERROR(VLOOKUP(A52,'Detailed Dashboard'!$A:$AD,10,FALSE),"-") -> 0 | Q52: =IFERROR(VLOOKUP(A52,'Detailed Dashboard'!$A:$AD,11,FALSE),"-") -> 0
C53: =IFERROR(VLOOKUP(A53,'Detailed Dashboard'!$A:$AD,23,FALSE),"-") -> 0 | D53: =IFERROR(F53/SUM($F$2:$F$301),"-") -> 0 | E53: =IFERROR(VLOOKUP(A53,'Detailed Dashboard'!$A:$AD,5,FALSE),"-") -> 0 | F53: =IFERROR(E53*B53,0) -> 0 | G53: =IFERROR(VLOOKUP(A53,'Detailed Dashboard'!$A:$AD,8,FALSE),"-") -> 0 | H53: =IFERROR(E53*B53*G53,"-") -> 0 | I53: =IFERROR(VLOOKUP(A53,'Detailed Dashboard'!$A:$AD,15,FALSE),"-") -> 0 | J53: =IFERROR(VLOOKUP(A53,'Detailed Dashboard'!$A:$AD,14,FALSE),"-") -> 0 | K53: =IFERROR(VLOOKUP(A53,'Detailed Dashboard'!$A:$AD,17,FALSE),"-") -> 0 | L53: =IFERROR(IF(VLOOKUP(A53,'Payment Dates'!$A:$B,2,FALSE)="monthly",4, MOD(MONTH(VLOOKUP(A53,'Payment Dates'!$A:$B,2,FALSE)),3)), "-") -> 0 | M53: =IFERROR(VLOOKUP(A53,'Detailed Dashboard'!$A:$AD,12,FALSE),"-") -> 0 | N53: =IFERROR(P53*D53, "-") -> 0 | O53: =IFERROR(VLOOKUP(A53,'Detailed Dashboard'!$A:$AD,9,FALSE),"-") -> 0 | P53: =IFERROR(VLOOKUP(A53,'Detailed Dashboard'!$A:$AD,10,FALSE),"-") -> 0 | Q53: =IFERROR(VLOOKUP(A53,'Detailed Dashboard'!$A:$AD,11,FALSE),"-") -> 0
... C302: =IFERROR(VLOOKUP(A302,'Detailed Dashboard'!$A:$AD,23,FALSE),"-") -> 0 | D302: =IFERROR(F302/SUM($F$2:$F$301),"-") -> 0 | E302: =IFERROR(VLOOKUP(A302,'Detailed Dashboard'!$A:$AD,5,FALSE),"-") -> 0 | F302: =IFERROR(E302*B302,0) -> 0 | G302: =IFERROR(VLOOKUP(A302,'Detailed Dashboard'!$A:$AD,8,FALSE),"-") -> 0 | H302: =IFERROR(E302*B302*G302,"-") -> 0 | I302: =IFERROR(VLOOKUP(A302,'Detailed Dashboard'!$A:$AD,15,FALSE),"-") -> 0 | J302: =IFERROR(VLOOKUP(A302,'Detailed Dashboard'!$A:$AD,14,FALSE),"-") -> 0 | K302: =IFERROR(VLOOKUP(A302,'Detailed Dashboard'!$A:$AD,17,FALSE),"-") -> 0 | L302: =IFERROR(IF(VLOOKUP(A302,'Payment Dates'!$A:$B,2,FALSE)="monthly",4, MOD(MONTH(VLOOKUP(A302,'Payment Dates'!$A:$B,2,FALSE)),3)), "-") -> 0 | M302: =IFERROR(VLOOKUP(A302,'Detailed Dashboard'!$A:$AD,12,FALSE),"-") -> 0 | N302: =IFERROR(P302*D302, "-") -> 0 | O302: =IFERROR(VLOOKUP(A302,'Detailed Dashboard'!$A:$AD,9,FALSE),"-") -> 0 | P302: =IFERROR(VLOOKUP(A302,'Detailed Dashboard'!$A:$AD,10,FALSE),"-") -> 0 | Q302: =IFERROR(VLOOKUP(A302,'Detailed Dashboard'!$A:$AD,11,FALSE),"-") -> 0

Sheet Payment Dates
A1: Stock Symbol | B1: Pay Date
A2: LUV | B2: 43838.0
A3: PTIZF | B3: N/A
A4: PMDKF | B4: N/A
A5: PBNNF | B5: N/A
A6: PTJSF | B6: N/A
A7: SSNLF | B7: N/A
A8: MSBHF | B8: N/A
A9: MZHOF | B9: N/A
A10: SMTUF | B10: N/A
A11: MBFJF | B11: N/A
A12: NTDMF | B12: N/A
... A10044: MDV | B10044: 45009

Sheet Notes & Glossary
A1: Notes
A2: Data Provided by IEX Cloud
A3: Data updated on 2023-06-26
A6: Column | B6: Definition
A7: Ticker | B7: The company's ticker, used to identify it on the stock exchange.
A8: Name (Click to Read Analysis) | B8: The business' operating name.
A9: Recommendation | B9: Our recommendation on whether to buy, hold, or sell this security.
A10: Price at Time of Recommendation | B10: The stock price at the time this recommendation was made.
A11: Stock Price | B11: The company's most recent stock price (current to when this spreadsheet was last updated).
A12: Fair Value Price | B12: Our estimate of the company's per-share intrinsic value.
A13: Percent Fair Value | B13: The ratio of the company's current stock price to our estimate of its fair value. Above 100% means overvalued while below 100% means undervalued.
A14: Dividend Yield | B14: The percentage of the company's share price that it pays out each year.
A15: Valuation Return | B15: Our estimate of the annualized returns that the security will achieve from valuation expansion/contraction over the next 5 years.
A16: Growth Return | B16: Our estimate of the annualized returns that the company will achieve from business growth over the next 5 years.
A17: Expected Total Return | B17: Our estimate of the total annualized returns that the security will achieve over the next 5 years.
... A32: Analyst | B32: The analyst who wrote the last research report on the company.
